 Dungeon Crawl Stone Soup version 0.31-a0-819-gf6de2f5ab6 (webtiles) character file.

Game seed: 13473249341173416488

1670292 MackTheKnife the Slayer (level 27, 187/199 HPs)
             Began as a Tengu Reaver on Sept 22, 2023.
             Was the Champion of Ashenzari.
             Escaped with the Orb
             ... and 3 runes on Sept 24, 2023!
             The game lasted 02:37:48 (70219 turns).

MackTheKnife the Slayer (Tengu Reaver)             Turns: 70219, Time: 02:37:48

Health: 187/199    AC: 22    Str: 20    XL:     27
Magic:  42/42      EV: 36    Int: 16    God:    Ashenzari [******]
Gold:   4774       SH: 18    Dex: 23    Spells: 25/55 levels left

rFire   + + .        G - +8 demon trident "Rift" {distort, reach+, polearm, Dev, Bglg} (curse)
rCold   + . .        W - +2 kite shield "Bound With Me" {Elem, Melee} (curse)
rNeg    + . .        Y - +3 ring mail of the Wild Blue Yonder {rF+, Elem, Alch} (curse)
rPois   +            s - -2 hat of the Alchemist {rElec rPois rF+ rC+ rN+ Will+ rMut rCorr, Cun, Bglg} (curse)
rElec   +            z - +2 cloak of Ashenzari's Boredom {Will+, Self, Cun} (curse)
rCorr   +            D - +3 pair of gauntlets of War {Slay+5, Bglg, Fort} (curse)
SInv    +            (boots unavailable)
Will    ++++.        N - amulet "Visionary Doubts" {Regen+, @e2, Cun, Alch} (curse)
Stlth   ++           U - ring of Ashenzari's Portent {AC+4, Self, Fort} (curse)
HPRegen 1.33/turn    x - ring of the Oracular Sky {Dex+6, Self, Cun} (curse)
MPRegen 0.28/turn

%: acrobat, clarity, resist mutation
@: flying, hasted, studying 2 skills, very quick
A: beak, talons 3, evasive flight, acrobatic
0: Orb of Zot
}: 3/15 runes: decaying, silver, gossamer
a: Renounce Religion, Shatter the Chains


You escaped.
You worshipped Ashenzari.
Ashenzari was exalted by your worship.
You visited 11 branches of the dungeon, and saw 51 of its levels.
You visited the Abyss 1 time.
You also visited: Bailey and Ice Cave.

You collected 7580 gold pieces.
You spent 2806 gold pieces at shops.


Innate Abilities, Weirdness & Mutations

You have a beak for a mouth.
You have claws for feet.
Your magical flight helps you evade attacks. (EV +4)
You can magically evade attacks while moving or waiting.


   Skills:
 - Level 24.6(27) Fighting
 - Level 21.9(24.0) Polearms
 - Level 15.3(18.8) Armour
 - Level 22.1(27) Dodging
 - Level 3.7(8.6) Stealth
 - Level 14.8(18.3) Shields
 - Level 10.0(14.7) Spellcasting
 - Level 13.2(17.9) Conjurations
 - Level 5.5(10.1) Hexes
 - Level 9.8(14.5) Translocations
 - Level 7.6(11.3) Transmutations
 - Level 4.8(8.2) Ice Magic
 - Level 7.5(11.1) Air Magic
 + Level 14.2(16.5) Evocations


You had 25 spell levels left.
You knew the following spells:

 Your Spells              Type           Power      Damage    Failure   Level
a - Kiss of Death         Conj/Necr      100%       2d13      1%          1
b - Wereblood             Tmut           48%        N/A       1%          2
c - Irradiate             Conj/Tmut      27%        3d20      1%          5
d - Manifold Assault      Tloc           55%        N/A       1%          4
e - Blink                 Tloc           100%       N/A       1%          2
f - Teleport Other        Tloc           55%        N/A       1%          3
g - Yara's Violent Unrav  Hex/Tmut       23%        3d10      3%          5
h - Gell's Gravitas       Tloc           55%        N/A       1%          3
i - Freezing Cloud        Conj/Ice/Air   25%        6-21      1%          5

Your spell library contained the following spells:

 Spells                   Type           Power      Damage    Failure   Level
 Ensorcelled Hibernation  Hex/Ice        82%        N/A       1%          2
 Jinxbite                 Hex            88%        N/A       1%          2
 Lesser Beckoning         Tloc           100%       N/A       1%          2
 Momentum Strike          Conj/Tloc      100%       3d10      1%          2
 Passwall                 Tmut/Erth      25%        N/A       1%          2
 Poisonous Vapours        Pois/Air       60%        N/A       1%          2
 Dazzling Flash           Conj/Hex       100%       N/A       1%          3
 Hailstorm                Conj/Ice       52%        3d12      1%          3
 Mephitic Cloud           Conj/Pois/Air  43%        N/A       1%          3
 Ozocubu's Armour         Ice            38%        N/A       1%          3
 Sigil of Binding         Hex            44%        N/A       1%          3
 Stone Arrow              Conj/Erth      82%        3d12      1%          3
 Tukima's Dance           Hex            44%        N/A       1%          3
 Volatile Blastmotes      Fire/Tloc      70%        2d15      1%          3
 Dimensional Bullseye     Hex/Tloc       25%        N/A       1%          4
 Fulminant Prism          Conj/Hex       27%        3d14      1%          4
 Iskenderun's Mystic Bla  Conj/Tloc      59%        2d12      1%          4
 Passage of Golubria      Tloc           55%        N/A       1%          4
 Iskenderun's Battlesphe  Conj           62%        2d11      1%          5
 Brom's Barrelling Bould  Conj/Erth      41%        2d6       2%          4
 Flame Wave               Conj/Fire      41%        2d11      2%          4
 Sticky Flame             Conj/Fire      41%        2d6       2%          4
 Cigotuvi's Dreadful Rot  Necr/Pois/Air  48%        N/A       3%          2
 Inner Flame              Hex/Fire       28%        N/A       3%          3
 Silence                  Hex/Air        22%        N/A       3%          5
 Summon Guardian Golem    Hex/Summ       28%        N/A       4%          3
 Conjure Ball Lightning   Conj/Air       27%        3x3d8     4%          6
 Dispersal                Tloc           27%        N/A       4%          6
 Ignite Poison            Fire/Tmut/Pois 24%        N/A       6%          3
 Orb of Destruction       Conj           31%        9d10      6%          7
 Fireball                 Conj/Fire      20%        3d10      7%          5
 Metabolic Englaciation   Hex/Ice        20%        N/A       7%          5
 Sandblast                Erth           26%        2d8       9%          1
 Petrify                  Tmut/Erth      30%        N/A       10%         4
 Summon Small Mammal      Summ           44%        N/A       11%         1
 Summon Lightning Spire   Summ/Air       29%        N/A       11%         4
 Leda's Liquefaction      Hex/Erth       14%        N/A       12%         4
 Scorch                   Fire           26%        2d6       13%         2
 Anguish                  Hex/Necr       14%        N/A       13%         4
 Summon Ice Beast         Ice/Summ       25%        N/A       21%         4
 Alistair's Intoxication  Tmut/Pois      20%        N/A       26%         5
 Call Canine Familiar     Summ           11%        N/A       32%         3
 Summon Mana Viper        Hex/Summ       28%        N/A       36%         5
 Bombard                  Conj/Erth      20%        9d4       36%         6
 Animate Armour           Summ/Erth      24%        N/A       67%         4
 Dispel Undead            Necr           11%        3d9       71%         4
 Eringya's Noxious Bog    Tmut/Pois      15%        4d6       82%         6
 Enfeeble                 Hex            22%        N/A       82%         7
 Disjunction              Tloc           27%        N/A       87%         8
 Spellforged Servitor     Conj/Summ      20%        N/A       93%         7
 Lee's Rapid Deconstruct  Erth           6%         3d6*      94%         5
 Borgnjor's Vile Clutch   Necr/Erth      6%         N/A       95%         5
 Agony                    Necr           11%        N/A       96%         5
 Simulacrum               Ice/Necr       12%        N/A       97%         6
 Death Channel            Necr           5%         N/A       100%        6
 Summon Cactus Giant      Summ           5%         N/A       100%        6
 Haunt                    Necr/Summ      5%         N/A       100%        7
 Monstrous Menagerie      Summ           5%         N/A       100%        7
 Borgnjor's Revivificati  Necr           5%         N/A       100%        8
 Ignition                 Fire           6%         3d4       100%        8
 Chain Lightning          Conj/Air       27%        3d36      100%        9
 Death's Door             Necr           5%         N/A       100%        9

Inventory:

Hand Weapons
 G - the cursed +8 demon trident "Rift" (weapon) {distort, reach+, polearm, Dev, Bglg}
   (You took it off a yaktaur on level 5 of the Vaults)

   It has a curse which improves the following skills: Devices: Evocations and
   Shapeshifting.
   Beguiling: Conjurations, Hexes and Translocations.
Armour
 s - the cursed -2 hat of the Alchemist (worn) {rElec rPois rF+ rC+ rN+ Will+ rMut rCorr, Cun, Bglg}
   (You bought it in a shop on level 1 of the Elven Halls)

   rF+:       It protects you from fire.
   rC+:       It protects you from cold.
   rElec:     It insulates you from electricity.
   rPois:     It protects you from poison rN+: It protects you from negative
   energy.
   Will+:     It increases your willpower.
   rCorr:     It protects you from acid and corrosion.
   rMut:      It protects you from mutation.
   It has a curse which improves the following skills: Cunning: Dodging and
   Stealth.
   Beguiling: Conjurations, Hexes and Translocations.
 z - the cursed +2 cloak of Ashenzari's Boredom (worn) {Will+, Self, Cun}
   (You found it on level 2 of the Depths)

   It has a curse which improves the following skills: Introspection: Fighting
   and Spellcasting.
   Cunning:   Dodging and Stealth.
 D - the cursed +3 pair of gauntlets of War (worn) {Slay+5, Bglg, Fort}
   (You acquired it on level 1 of the Elven Halls)

   Slay+5:    It affects your accuracy & damage with ranged weapons and melee
   (+5).
   It has a curse which improves the following skills: Beguiling: Conjurations,
   Hexes and Translocations.
   Fortitude: Armour and Shields.
 W - the cursed +2 kite shield "Bound With Me" (worn) {Elem, Melee}
   (You found it on level 1 of the Spider Nest)

   It has a curse which improves the following skills: Elements: Fire Magic, Ice
   Magic, Air Magic and Earth Magic.
   Melee Combat: Short Blades, Long Blades, Axes, Maces & Flails, Polearms,
   Staves and Unarmed Combat.
 Y - the cursed +3 ring mail of the Wild Blue Yonder (worn) {rF+, Elem, Alch}
   (You took it off Urug on level 13 of the Dungeon)

   It has a curse which improves the following skills: Elements: Fire Magic, Ice
   Magic, Air Magic and Earth Magic.
   Alchemy:   Poison Magic and Transmutations.
Jewellery
 x - the cursed ring of the Oracular Sky (right hand) {Dex+6, Self, Cun}
   (You found it on level 4 of the Dungeon)

   [ring of dexterity]

   Dex+6:     It affects your dexterity (+6).
   It has a curse which improves the following skills: Introspection: Fighting
   and Spellcasting.
   Cunning:   Dodging and Stealth.
 N - the cursed amulet "Visionary Doubts" (around neck) {Regen+, @e2, Cun, Alch}
   (You found it on level 4 of the Lair of Beasts)

   [amulet of regeneration]

   Regen+:    It increases your rate of health regeneration.
   It has a curse which improves the following skills: Cunning: Dodging and
   Stealth.
   Alchemy:   Poison Magic and Transmutations.
 U - the cursed ring of Ashenzari's Portent (left hand) {AC+4, Self, Fort}
   (You found it on level 3 of the Swamp)

   [ring of protection]

   AC+4:      It affects your AC (+4).
   It has a curse which improves the following skills: Introspection: Fighting
   and Spellcasting.
   Fortitude: Armour and Shields.
Wands
 a - a wand of mindburst (40)
   (You found it on level 2 of the Dungeon)
 f - a wand of digging (6)
   (You found it on level 9 of the Dungeon)
 n - a wand of iceblast (26)
   (You found it on level 2 of the Dungeon)
 v - a wand of flame (155)
   (You found it on level 4 of the Dungeon)
 w - a wand of polymorph (25)
   (You took it off an orc warrior on level 10 of the Dungeon)
 K - a wand of paralysis (22)
   (You found it on level 3 of the Lair of Beasts)
 L - a wand of light (15)
   (You found it on level 3 of the Lair of Beasts)
Scrolls
 c - 9 scrolls of fear
 e - 23 scrolls of teleportation {@r4}
 h - 8 scrolls of vulnerability {!r!r}
 i - 3 scrolls of torment {!r}
 o - 3 scrolls of enchant weapon
 p - 9 scrolls of immolation {!r!r}
 y - 4 scrolls of silence {!r}
 A - 2 scrolls of blinking {!r}
 E - 7 scrolls of poison {!r}
 I - 3 scrolls of revelation
 Q - 7 scrolls of enchant armour
Potions
 b - 3 potions of cancellation
 d - 6 potions of mutation {!q}
 g - 12 potions of heal wounds {@q2}
 j - 4 potions of resistance
 k - 4 potions of magic
 l - 3 potions of might
 m - 10 potions of brilliance
 q - 6 potions of lignification {!q}
 r - 9 potions of ambrosia
 t - 4 potions of attraction {!q}
 u - 23 potions of curing {@q1}
 C - 3 potions of haste {@q3}
 J - 3 potions of berserk rage {!q}
 M - 2 potions of invisibility
 P - 6 potions of enlightenment
Miscellaneous
 R - a phantom mirror (inert)
   (You found it on level 5 of the Vaults)
 S - a condenser vane
   (You found it on level 5 of the Vaults)
 T - a box of beasts (inert)
   (You found it on level 5 of the Vaults)
 V - a lightning rod (4/4)
   (You found it on level 1 of the Spider Nest)
 Z - a phial of floods
   (You found it on level 2 of the Vaults)

Dungeon Overview and Level Annotations

Branches:
Dungeon (15/15)            Temple (1/1) D:4            Lair (5/5) D:10
  Swamp (4/4) Lair:2       Spider (4/4) Lair:3        Slime (0/5) Lair:4
    Orc (2/2) D:10            Elf (3/3) Orc:2        Vaults (5/5) D:13
  Crypt (3/3) Vaults:2       Tomb (0/3) Crypt:3      Depths (4/4) D:15
    Zot (5/5) Depths:4     Bailey (visited)           IceCv (visited)

Altars:
Ashenzari
Cheibriados
Dithmenos
Elyvilon
Fedhas
Gozag
Hepliaklqana
Kikubaaqudgha
Makhleb
Nemelex Xobeh
Okawaru
Qazlal
Ru
Sif Muna
Trog
Uskayaw
Vehumet
Wu Jian
Xom
Yredelemnul
Zin
The Shining One
Jiyva

Shops:
D:7 [   D:14 =   Orc:2 *[![   Elf:1 [   Vaults:2 !:*!   Vaults:3 [   Vaults:5 *
Depths:2 **[   Depths:4 *

Portals:
Hell: Lair:5 Depths:1 Depths:2 Depths:3 Depths:4
Abyss: Depths:3
Pandemonium: Depths:1 Depths:2 Depths:3
Ziggurat: Depths:1
Trove: Elf:2 (give horn of Geryon)

Annotations:
D:2 1 runed translucent door, Crazy Yiuf
Swamp:3 1 runed translucent door, Silenth's ghost, adept KoHu
Elf:2 6 runed translucent doors, Begul's ghost, adept GrEE
Vaults:4 3 runed translucent doors, Nitziur's ghost, adept DrCj
Crypt:2 Khufu
Zot:2 6 transporters
Zot:5 exclusion: 3 upstairs
Abyss:1 Zenata

### ##..#####≈≈§≈≈≈≈#####..## #.#
..###.### #≈≈§.§§.§§≈≈# ###.###.#
####.## #...§§.A.§§.# ##.##.# #
#.# ####.#'###### #.##.#
####.##### ####8'8#### ######.#.#
.##.##...###.........###..≈##.#..
..#.#....##...........##..§≈#.#..
#.#.#....#....[.......##...≈#.##.
..#.')..........@.....8'..(§'.##.
#)#.#....#............'#..§≈#.##.
#.#.#....##...........##..≈≈#.##.
###.##...###.........###.§§##.#..
##.##### ###8'8#8### #####.###.
#.# ######'###### #.# #. #.##
#.§.........# ##.# ## #####.###
#≈≈§§....≈≈§# ###.## #
..####..#####≈≈≈≈≈≈§#####..## #


You could see a daeva.


Message History

What level of the Dungeon? (default 1, ? - help)
There is a stone staircase leading up here.
You fly upwards.
There is a stone staircase leading down here.
You see here a +0 plate armour.
There is a stone staircase leading up here.
You fly upwards.
There is a stone staircase leading down here.
Things that are here:
a +3 spear {polearm}; a +3 morningstar of freezing {mace}; a +3 dire flail {mace}
There is a stone staircase leading up here.
You fly upwards.
There is a stone staircase leading down here.
A ynoxinul comes into view.
You closely miss the ynoxinul. You impale the ynoxinul!!
Space warps around the ynoxinul.
You kill the ynoxinul!
A green death comes into view.
You impale the green death!!
Space warps horribly around the green death!
You claw the green death! You peck the green death.
You barely miss the green death. You claw the green death!
Your peck misses the green death. You impale the green death!!
You kill the green death!
No target in view!
There is a stone staircase leading up here.
You fly upwards.
There is a stone staircase leading down here.
There is a stone staircase leading up, spattered with blood here.
You see here a throwing net {=f!fthrowing}.
You fly upwards.
There is a stone staircase leading down here.
There is a stone staircase leading up here.
You fly upwards.
There is a stone staircase leading down here.
There is a stone staircase leading up here.
You fly upwards.
There is a stone staircase leading down here.
There is a stone staircase leading up, spattered with blood here.
You fly upwards.
There is a stone staircase leading down here.
A balrug and 3 sun demons come into view.
The sun demon shouts!
The sun demon moves out of view.
There is a stone staircase leading up here.
The balrug gestures at you. Something smites you!
You fly upwards.
Level annotation: 1 runed translucent door, Crazy Yiuf
There is a stone staircase leading down here. 😕 HP[-10]
You take 10 damage, and now have 189/199 hp.
There is a stone staircase leading up here.
You fly upwards.
There is a stone staircase leading down here. 😎 HP[+10]
Your hp is fully restored (199).
A hellion comes into view.
The hellion gestures at you.
The sphere of damnation explodes!
The damnation engulfs you!! 😕 HP[-23]
You take 23 damage, and now have 176/199 hp.
Unknown command.
You feel yourself speed up. 😕 HP[+1]
Okay, then.
Unknown command.
There is a stone staircase leading down here. 😕 HP[+1] 😕 HP[+1] 😕 HP[+1] 😕 HP[+1] 😕 HP[+1] 😕 HP[+1] 😕 HP[+1] 😕 HP[+1]
Aiming: Dig
Press: ? - help, Shift-Dir - straight line A rock wall.
This square is covered in magical glow.
The rock shatters into small pieces. 😕 HP[+1] 😕 HP[+1] 😕 HP[+1] 😕 HP[+1] 😕 HP[+1] 😕 HP[+1]
There is a large open door here. 😕 HP[+1]
There is a large open door here. 😕 HP[+1] 😕 HP[+1] 😕 HP[+1]
A daeva comes into view.
It is wielding a +5 eudemon blade of holy wrath.
There is a staircase leading out of the dungeon here. 😕 HP[+1]
The daeva calls down the wrath of the Shining One upon you.
The Shining One smites you!
You have escaped!

Skill      XL: |  1  2  3  4  5  6  7  8  9 10 11 12 13 14 15 16 17 18 19 20 21 22 23 24 25 26 27 |
---------------+----------------------------------------------------------------------------------+-----
Polearms       | 4 5 6 7 10 11 15 16 17 20 21 | 21.9
Dodging        | 5 6 12 16 17 18 19 20 22 | 22.1
Fighting       | 4 5 7 8 10 11 13 15 17 18 20 21 24 | 24.6
Armour         | 4 7 8 11 12 15 | 15.3
Evocations     | 4 5 9 14 | 14.2
Transmutations | 4 6 7 |  7.6
Spellcasting   | 4 5 7 9 10 | 10.0
Conjurations   | 10 12 13 | 13.2
Translocations | 6 8 9 |  9.8
Hexes          | 4 5 |  5.5
Stealth        | 3 |  3.7
Air Magic      | 3 7 |  7.5
Ice Magic      | 2 4 |  4.8
Shields        | 5 14 | 14.8

Action                     |  1- 3 |  4- 6 |  7- 9 | 10-12 | 13-15 | 16-18 | 19-21 | 22-24 | 25-27 || total
---------------------------+-------+-------+-------+-------+-------+-------+-------+-------+-------++-------
  Melee: Spear             |    86 |   182 |   473 |    39 |       |       |       |       |       ||   780
         Peck              |    10 |    27 |    70 |    70 |   257 |   186 |   312 |   327 |   264 ||  1523
         Kick              |    11 |    42 |   128 |   122 |   416 |   277 |   497 |   516 |   425 ||  2434
         Punch             |       |     2 |     6 |     1 |       |       |       |       |       ||     9
         Glaive            |       |       |       |   400 |  1254 |  1300 |  1881 |  1738 |   281 ||  6854
         Demon trident     |       |       |       |       |       |       |       |       |  1486 ||  1486
   Cast: Kiss of Death     |     1 |       |       |       |       |       |       |       |       ||     1
         Wereblood         |       |       |       |     9 |    39 |    14 |    39 |    26 |    19 ||   146
         Manifold Assault  |       |       |       |       |     7 |   350 |   412 |   254 |   204 ||  1227
         Irradiate         |       |       |       |       |     1 |     9 |    28 |    19 |    11 ||    68
         Teleport Other    |       |       |       |       |       |     3 |       |       |       ||     3
         Freezing Cloud    |       |       |       |       |       |       |    26 |    38 |    13 ||    77
         Yara's Violent Un |       |       |       |       |       |       |     7 |     6 |     2 ||    15
         Blink             |       |       |       |       |       |       |       |     2 |     5 ||     7
         Gell's Gravitas   |       |       |       |       |       |       |       |     1 |       ||     1
 Invoke: Curse Item        |       |       |     2 |     3 |     2 |     2 |     3 |     2 |     3 ||    17
         Shatter the Chain |       |       |       |     1 |       |     2 |     1 |     3 |     1 ||     8
  Evoke: Wand              |     1 |     5 |     1 |    11 |     6 |     4 |    12 |    13 |    18 ||    71
         Lightning rod     |       |       |       |       |       |       |    12 |     6 |       ||    18
         Phial of floods   |       |       |       |       |       |       |     1 |     2 |     1 ||     4
         Condenser vane    |       |       |       |       |       |       |       |       |     2 ||     2
         Box of beasts     |       |       |       |       |       |       |       |       |     1 ||     1
         Phantom mirror    |       |       |       |       |       |       |       |       |     1 ||     1
    Use: Scroll            |       |       |    12 |     3 |     1 |    12 |     2 |     7 |    19 ||    56
         Potion            |       |       |       |     3 |     1 |     4 |     1 |     2 |    36 ||    47
   Stab: Sleeping          |       |       |     8 |     3 |    31 |     7 |    17 |     6 |    22 ||    94
         Distracted        |       |       |     2 |     1 |     5 |     2 |     7 |     3 |    14 ||    34
         Invisible         |       |       |       |     2 |     5 |     1 |     9 |     4 |     3 ||    24
         Paralysed         |       |       |       |       |     3 |       |       |       |       ||     3
         Confused          |       |       |       |       |       |       |       |       |     1 ||     1
 Armour: Leather armour    |    19 |     6 |       |       |       |       |       |       |       ||    25
         Ring mail         |       |    48 |    91 |    93 |   247 |   265 |   358 |   439 |   368 ||  1909
  Dodge: Dodged            |    31 |   100 |   150 |   262 |  1060 |   784 |  1202 |  1019 |   663 ||  5271
  Block: Kite shield       |       |       |       |       |       |       |       |       |   429 ||   429

Levels and vault maps discovered:
D:1:      dpeg_arrival_morbid_curiosity, layout_rooms
D:2:      layout_loops_ring, basic_altar, uniq_crazy_yiuf_cottage
D:3:      layout_basic
D:4:      layout_cave_pools, minmay_temple_entry_butterflies, uniq_pikel
D:5:      layout_cave_pools, trog_butcher_becter, mainiacjoe_overflow_chevrons,
          minmay_joined_circles
D:6:      layout_basic, serial_aquarium, aquarium_bridge_square
          [aquarium_subvault_bridge, aquarium_subvault_wall,
          aquarium_subvault_bridge, aquarium_subvault_window],
          aquarium_bridge_square [aquarium_subvault_window,
          aquarium_subvault_window, aquarium_subvault_bridge,
          aquarium_subvault_balcony], aquarium_window_2, aquarium_window_fake,
          aquarium_window_fake, aquarium_window_1, aquarium_view_2e,
          aquarium_view_2c, minivault_24, glass_columns_a
D:7:      layout_cave_pools, serial_column_ruins, column_ruins_circle_medium,
          column_ruins_grid_2, column_ruins_corridor_dead_end,
          column_ruins_open_tiny, column_ruins_corridor_T, column_ruins_grid_1,
          serial_shops, nicolae_shop_hallway_stairs, enter_bailey_5
D:8:      layout_loops_ring, mainiacjoe_overflow_small_starburst
D:9:      layout_long_grid, lemuel_crystal_altar, uniq_gastronok
D:10:     layout_small_grid, erik_lair_orcish_takeover, david_orc_4,
          uniq_maggie, uniq_nergalle
D:11:     layout_cave_pods
D:12:     layout_basic
D:13:     layout_loops_ring, david_vaults_3
D:14:     layout_cross, nicolae_ashenzari_panopticon,
          minmay_shop_enchanted_jewellery, nicolae_wand_duel, uniq_lodul,
          uniq_azrael
D:15:     grunt_enter_depths_magical_seal, layout_loops_ring, minivault_23
Temple:   mainiacjoe_temple_coin_purse
Lair:1:   layout_hall_layers, grunt_forest_small_clearing_treed
Lair:2:   layout_gridlike, swamp_mist, kennysheep_snail_temple
Lair:3:   layout_regular_city, dummy_spider_entry, worms_lemuel,
          lemuel_fruit_tree, serial_bayou_shore_b, uniq_urug
Lair:4:   layout_roguey, dpeg_slime_entry_enclosed
Lair:5:   evil_forest, layout_cellular_growth
Swamp:1:  nicolae_swamp_flooded_prison, layout_falls_marsh,
          evilmike_swamp_ruin_rubble_1, infiniplex_staircase_pool_2,
          uniq_donald, uniq_jorgrun
Swamp:2:  layout_falls_marsh, portal_ice_cave_entry_pillars_2,
          evilmike_swamp_ruin_wall, infiniplex_staircase_pool
Swamp:3:  layout_basic_swamp, ebering_ghost_reflecting_pool,
          hangedman_swamp_ruin_wall
Swamp:4:  swamp_fiery, layout_basic_swamp, uniq_mara
Spider:1: cheibrodos_forgotten_conduit, uniq_asterion, uniq_rupert,
          uniq_josephine
Spider:2: layout_spider_delve, nicolae_spider_bzzzt, uniq_mlioglotl
Spider:3: layout_spider_delve, einodemon_crawler_minivault
Spider:4: hellmonk_spider_rune_bug_friends, drop_trap
Orc:1:    layout_caves
Orc:2:    pubby_orc_utopia
Elf:1:    eino_elf_arrival_the_gate, layout_loops_corners, serial_shops,
          nicolae_shop_tiny_glass, evilmike_minifort
Elf:2:    nicolae_elf_blades_splatter_lattice [nicolae_blade_tridents],
          layout_loops_ring, nicolae_trove_entry_isolated,
          gammafunk_ghost_fury_of_okawaru
Elf:3:    elf_hall, layout_loops_cross
Vaults:1: nicolae_vaults_theta, vaults_room_hallway,
          nicolae_vaults_fighting_squares, ontoclasm_vaults_twist, v_pattern_5,
          ontoclasm_vaults_ligature, v_misc_30,
          nicolae_vaults_storage_room_statues, dpeg_vaults_monster_row,
          nicolae_vaults_border_crossing, nicolae_vaults_surprise_closet,
          layout_vaults_chaotic_city
Vaults:2: v_alt_pattern_2, st_quartered_hall, ontoclasm_vaults_eye, v_misc_1,
          grunt_vaults_trifunnel, minmay_crypt_entry_nasty_monster,
          nicolae_vaults_diamond_2, layout_vaults_quadrants, serial_shops, shop,
          nicolae_shop_tiny_glass, nicolae_shop_waterfront, shop
Vaults:3: nicolae_vaults_corridor_and_loot_room, v_misc_15,
          ontoclasm_vaults_tryst, vaults_room_door_ring,
          nicolae_vaults_trapezoid_1, nicolae_vaults_twisting_passages,
          nicolae_vaults_theta, nicolae_vaults_house_3, vaults_room_large_hall,
          nicolae_vaults_closet_pinwheel_2, nicolae_vaults_apartment_2,
          nicolae_vaults_closet_pinwheel_2, nicolae_vaults_house_3,
          nicolae_vaults_variable_pillar_hall, hangedman_vaults_capsules,
          nicolae_vaults_house_2, layout_vaults_omnicross, serial_shops, shop
Vaults:4: gammafunk_ghost_tricky_traps, nicolae_vaults_doubleplus_tesselated,
          v_misc_24, vaults_room_grid, nicolae_vaults_shipping_containers_5,
          hangedman_vaults_trim, hangedman_vaults_locks,
          nicolae_vaults_heart-shaped_vault, nicolae_vaults_little_squares_1,
          vaults_dpeg_ring, nicolae_vaults_double_plus_1,
          nicolae_vaults_little_squares_1, nicolae_vaults_specimen_jars,
          layout_vaults_ring
Vaults:5: serial_shops
Crypt:1:  grunt_deathspiral_small, layout_misc_corridors,
          nicolae_crypt_soggy_tomb, uniq_zenata
Crypt:2:  layout_misc_corridors, uniq_sojobo, uniq_khufu
Crypt:3:  cryptofortress_bobbens
Depths:1: layout_gridlike, enter_ziggurat_b, pan_entry, hell_entry,
          nicolae_the_louvre, nrook_campfire, grunt_ministairs_3,
          makhleb_altar_promises_db
Depths:2: nicolae_terramorphic_expanse [nicolae_terramorphic_quarter,
          nicolae_terramorphic_quarter, nicolae_terramorphic_quarter,
          nicolae_terramorphic_quarter, nicolae_terramorphic_quarter,
          nicolae_terramorphic_biome, nicolae_terramorphic_biome,
          nicolae_terramorphic_biome, nicolae_terramorphic_biome], layout_basic,
          grunt_pan_entry_spiral, nicolae_uskayaw_suspiria,
          pf_hell_entry_tar_spiral, minmay_shop_star
Depths:3: grunt_twist_and_shout, layout_basic, hell_entry, pan_entry,
          abyss_entry, nicolae_elyvilon_temple_path, serial_bayou_shore_b,
          infiniplex_staircase_pillars_2
Depths:4: grunt_zot_entry_gee_three, layout_gridlike, nicolae_water_bricks,
          hell_entry, serial_shops, shop
Zot:1:    nicolae_zot_draconian_monastery, layout_basic, grunt_ministairs_3
Zot:2:    layout_onion_interference, serial_nicolae_subway,
          nicolae_sub_station_crystal, nicolae_sub_station_stone,
          nicolae_sub_station_metal
Zot:3:    layout_twisted_circle, gammafunk_ghost_arena
Zot:4:    layout_basic, drop_trap
Zot:5:    layout_twisted_circle

Notes
Turn   | Place    | Note
-------+----------+-------------------------------------------
     0 | D:1      | MackTheKnife the Tengu Reaver began the quest for the Orb.
     0 | D:1      | Reached XP level 1. HP: 12/12 MP: 4/4
     0 | D:1      | magus.rc [v1.9.6]
   134 | D:1      | You pick up a book of Changes and begin reading...
   134 | D:1      | You add the spells Wereblood and Irradiate to your library.
   153 | D:1      | Reached XP level 2. HP: 17/17 MP: 6/6
   192 | D:1      | Reached skill level 4 in Polearms
   666 | D:2      | Found an ornate altar of the Wu Jian Council.
   865 | D:2      | Reached XP level 3. HP: 14/21 MP: 7/7
   999 | D:2      | HP: 4/18 [poisoned by an adder]
  1226 | D:2      | Reached skill level 5 in Polearms
  1230 | D:2      | Reached XP level 4. HP: 24/25 MP: 8/8
  1546 | D:2      | Found a runed translucent door.
  1547 | D:2      | Noticed Crazy Yiuf
  1991 | D:3      | Reached skill level 6 in Polearms
  2295 | D:4      | Reached XP level 5. HP: 30/30 MP: 9/9
  2491 | D:4      | Reached skill level 7 in Polearms
  2541 | D:4      | Reached XP level 6. HP: 23/35 MP: 10/10
  2629 | D:4      | You pick up a book of Winter and begin reading...
  2629 | D:4      | You add the spells Ozocubu's Armour, Metabolic Englaciation
                  | and Simulacrum to your library.
  2792 | D:4      | Noticed Pikel
  2796 | D:4      | Found a staircase to the Ecumenical Temple.
  2930 | Temple   | Entered the Ecumenical Temple
  2939 | Temple   | Became a worshipper of Ashenzari the Shackled
  2980 | D:4      | Identified the +9 ring mail "Sipek" {Fly Stlth+}
  3136 | D:4      | Reached skill level 8 in Polearms
  3241 | D:4      | Killed Pikel
  3242 | D:4      | Reached skill level 10 in Polearms
  3242 | D:4      | Gained mutation: Your magical flight helps you evade
                  | attacks. (EV +4) [Tengu growth]
  3242 | D:4      | Reached XP level 7. HP: 26/40 MP: 11/11
  3466 | D:5      | Entered Level 5 of the Dungeon
  3477 | D:5      | Reached XP level 8. HP: 44/44 MP: 12/12
  3833 | D:5      | Found a bloodstained altar of Trog.
  3882 | D:5      | Reached skill level 3 in Dodging
  3979 | D:5      | You pick up a book of Spatial Translocations and begin
                  | reading...
  3979 | D:5      | You add the spells Blink and Lesser Beckoning to your
                  | library.
  3983 | D:5      | Learned a level 2 spell: Wereblood
  4116 | D:5      | Found a stormy altar of Qazlal.
  4255 | D:6      | Reached skill level 3 in Fighting
  4255 | D:6      | Reached * piety under Ashenzari
  4324 | D:5      | Reached skill level 4 in Dodging
  4549 | D:6      | Reached skill level 4 in Fighting
  4790 | D:6      | Reached skill level 5 in Dodging
  4790 | D:6      | Reached XP level 9. HP: 48/54 MP: 13/13
  5079 | D:6      | Reached skill level 5 in Fighting
  5180 | D:6      | Reached skill level 6 in Dodging
  5584 | D:7      | Found Piampyecim's Antique Armour Emporium.
  5599 | D:7      | Reached skill level 1 in Armour
  5614 | D:7      | Reached skill level 2 in Armour
  5707 | D:6      | Reached skill level 3 in Armour
  5784 | D:7      | Found a flagged portal.
  5829 | D:7      | Reached skill level 4 in Armour
  5829 | D:7      | Reached skill level 11 in Polearms
  5873 | Bailey   | Entered a bailey
  6062 | Bailey   | Reached skill level 1 in Evocations
  6069 | Bailey   | Reached skill level 2 in Evocations
  6077 | Bailey   | Reached skill level 3 in Evocations
  6148 | Bailey   | Reached skill level 4 in Evocations
  6292 | Bailey   | Reached XP level 10. HP: 51/61 MP: 14/14
  6454 | Bailey   | Noticed an orc warlord
  6458 | Bailey   | Reached skill level 5 in Evocations
  6461 | Bailey   | Reached skill level 6 in Fighting
  6481 | Bailey   | Killed an orc warlord
  6482 | Bailey   | Reached skill level 7 in Fighting
  6492 | Bailey   | Identified a potion of experience
  6499 | Bailey   | You pick up a book of Misfortune and begin reading...
  6499 | Bailey   | You add the spells Inner Flame, Yara's Violent Unravelling
                  | and Enfeeble to your library.
  6511 | Bailey   | You add the spells Alistair's Intoxication, Borgnjor's Vile
                  | Clutch and Eringya's Noxious Bog to your library.
  6522 | Bailey   | Reached skill level 15 in Polearms
  6522 | Bailey   | Reached XP level 11. HP: 59/69 MP: 15/15
  6524 | Bailey   | magus.rc [v1.9.6]
  6644 | D:7      | Reached ** piety under Ashenzari
  7034 | D:8      | Reached *** piety under Ashenzari
  7481 | D:8      | Reached skill level 1 in Transmutations
  7521 | D:8      | Found a hazy altar of Hepliaklqana.
  7714 | D:8      | You pick up a book of Dreams and begin reading...
  7714 | D:8      | You add the spells Jinxbite, Ensorcelled Hibernation and
                  | Anguish to your library.
  7776 | D:9      | Noticed a two-headed ogre
  7783 | D:9      | Killed a two-headed ogre
  7784 | D:9      | Reached skill level 3 in Spellcasting
  7784 | D:9      | Reached skill level 2 in Transmutations
  7915 | D:9      | Noticed Gastronok
  7933 | D:9      | Killed Gastronok
  7934 | D:9      | Reached skill level 4 in Spellcasting
  7934 | D:9      | Reached skill level 3 in Transmutations
  7987 | D:9      | Found a shadowy altar of Dithmenos.
  8428 | D:10     | Entered Level 10 of the Dungeon
  8481 | D:10     | Reached skill level 4 in Transmutations
  8481 | D:10     | Reached XP level 12. HP: 74/77 MP: 19/22
  8486 | D:10     | Reached skill level 5 in Spellcasting
  8639 | D:10     | Noticed a two-headed ogre
  8647 | D:10     | Killed a two-headed ogre
  8648 | D:10     | Reached skill level 7 in Dodging
  8712 | D:10     | Found a staircase to the Lair.
  8752 | D:10     | Noticed Maggie
  8767 | D:10     | Killed Maggie
  8780 | D:10     | You pick up a book of Changes and begin reading...
  8828 | D:10     | Reached skill level 8 in Dodging
  8887 | D:10     | Noticed Nergalle
  8901 | D:10     | Killed Nergalle
  9007 | D:10     | Reached skill level 9 in Dodging
  9157 | D:10     | Found a staircase to the Orcish Mines.
  9201 | Lair:1   | Entered Level 1 of the Lair of Beasts
  9371 | Lair:1   | Noticed a four-headed hydra
  9378 | Lair:1   | Killed a two-headed hydra
  9379 | Lair:1   | Reached skill level 10 in Dodging
  9416 | Lair:1   | Identified the +7 dagger of the Brewing Oracle {heavy,
                  | rPois rCorr Str-5 Int-5}
  9575 | Lair:1   | Reached skill level 11 in Dodging
  9851 | Lair:1   | Reached skill level 12 in Dodging
 10040 | Lair:2   | Reached XP level 13. HP: 82/82 MP: 25/25
 10110 | Lair:2   | Reached skill level 13 in Dodging
 10122 | Lair:2   | Identified the +1 robe "Earthly Heaven" {+Inv SInv}
 10232 | Lair:2   | Found a staircase to the Swamp.
 10361 | Lair:2   | Found a snail-covered altar of Cheibriados.
 10524 | Lair:2   | Reached skill level 14 in Dodging
 11008 | Lair:3   | Found a hole to the Spider Nest.
 11009 | Lair:3   | You pick up a book of Spatial Translocations and begin
                  | reading...
 11168 | Lair:3   | Identified the +0 lajatang of Triumph {protect, rPois rN+++
                  | Will+ Dex-2}
 11218 | Lair:3   | You pick up a book of Blasting and begin reading...
 11218 | Lair:3   | You add the spells Volatile Blastmotes, Fulminant Prism and
                  | Iskenderun's Mystic Blast to your library.
 11434 | Lair:3   | Reached skill level 15 in Dodging
 11464 | Lair:3   | You are sucked into a shaft and drop 2 floors!
 11464 | Lair:5   | Entered Level 5 of the Lair of Beasts
 11495 | Lair:5   | You pick up a book of Iron and begin reading...
 11495 | Lair:5   | You add the spells Summon Lightning Spire, Animate Armour
                  | and Lee's Rapid Deconstruction to your library.
 11583 | Lair:5   | Reached skill level 16 in Dodging
 12038 | Lair:3   | Learned a level 5 spell: Irradiate
 12070 | Lair:4   | Reached skill level 8 in Fighting
 12206 | Lair:4   | Reached XP level 14. HP: 46/88 MP: 26/26
 12316 | Lair:4   | Identified the +5 flail of Qazlal's Approval {freeze,
                  | Int+2}
 12338 | Lair:4   | Reached skill level 9 in Fighting
 12423 | Lair:4   | You pick up a book of Weapons and begin reading...
 12423 | Lair:4   | You add the spells Tukima's Dance and Dimensional Bullseye
                  | to your library.
 12617 | Lair:4   | Found a viscous altar of Jiyva.
 12617 | Lair:4   | Found a staircase to the Slime Pits.
 12832 | Lair:5   | Reached skill level 10 in Fighting
 12891 | Lair:5   | You add the spells Gell's Gravitas, Teleport Other and
                  | Dispersal to your library.
 12906 | Lair:5   | Reached **** piety under Ashenzari
 12913 | Lair:5   | Identified the +1 leather armour "Sicum" {-Tele Rampage
                  | Regen+ Int+4}
 13087 | Lair:5   | Reached skill level 5 in Conjurations
 13293 | Lair:5   | Reached skill level 6 in Conjurations
 13339 | Lair:5   | Reached skill level 5 in Transmutations
 13422 | Lair:5   | Found a burning altar of Makhleb.
 13461 | Lair:5   | Reached skill level 7 in Conjurations
 13523 | Lair:5   | Found a gateway to Hell.
 13615 | Lair:5   | Noticed a dire elephant
 13633 | Lair:5   | Killed a dire elephant
 13712 | Lair:5   | Reached skill level 8 in Conjurations
 14015 | Orc:1    | Entered Level 1 of the Orcish Mines
 14036 | Orc:1    | Reached skill level 6 in Transmutations
 14194 | Orc:2    | Entered Level 2 of the Orcish Mines
 14456 | Orc:2    | Reached skill level 9 in Conjurations
 14508 | Orc:2    | Found Logythruo's Armour Shoppe.
 14538 | Orc:2    | Found Leing's Assorted Antiques.
 14560 | Orc:2    | Reached skill level 10 in Conjurations
 14586 | Orc:2    | Noticed an orc warlord
 14598 | Orc:2    | Killed an orc warlord
 14606 | Orc:2    | Reached XP level 15. HP: 76/98 MP: 28/28
 14653 | Orc:2    | Reached skill level 11 in Conjurations
 14659 | Orc:2    | HP: 13/98 [orc knight/+0 long sword (22)]
 15033 | Orc:2    | Reached skill level 12 in Conjurations
 15261 | Orc:2    | Found a staircase to the Elven Halls.
 15654 | Orc:2    | Noticed an orc warlord
 15683 | Orc:2    | Killed an orc warlord
 15687 | Orc:2    | Reached skill level 6 in Spellcasting
 15839 | Orc:2    | Found Woqidgh's Distillery.
 15870 | Orc:2    | Bought a potion of haste for 160 gold pieces
 15914 | Orc:2    | Found Pysoena's Antique Armour Boutique.
 15951 | Orc:2    | Bought a potion of curing for 48 gold pieces
 15951 | Orc:2    | Bought a potion of curing for 48 gold pieces
 15951 | Orc:2    | Bought a potion of curing for 48 gold pieces
 16162 | D:11     | Reached skill level 7 in Spellcasting
 17559 | D:13     | Noticed Urug
 17559 | D:13     | Noticed Nessos
 17559 | D:13     | Found a gate to the Vaults.
 17660 | D:13     | You add the spells Haunt, Borgnjor's Revivification and
                  | Death's Door to your library.
 17757 | D:13     | Reached skill level 1 in Translocations
 17844 | D:13     | Reached skill level 2 in Translocations
 17858 | D:13     | Killed Urug
 17871 | D:13     | Reached skill level 3 in Translocations
 17915 | D:13     | Reached skill level 4 in Translocations
 17916 | D:13     | Paralysed by Nessos for 5 turns
 17948 | D:13     | Killed Nessos
 17983 | D:13     | You pick up a book of Power and begin reading...
 17983 | D:13     | You add the spells Iskenderun's Battlesphere, Bombard and
                  | Spellforged Servitor to your library.
 18027 | D:13     | Reached skill level 5 in Translocations
 18033 | D:13     | Learned a level 4 spell: Manifold Assault
 18559 | D:14     | Found Waklaef's Jewellery Shoppe.
 18655 | D:14     | Reached skill level 6 in Translocations
 18655 | D:14     | Reached XP level 16. HP: 104/104 MP: 20/31
 18836 | D:14     | You pick up a book of Misfortune and begin reading...
 18838 | D:14     | Noticed Lodul
 18851 | D:14     | Killed Lodul
 18880 | D:14     | Found a broken altar of Ashenzari.
 18895 | D:14     | Noticed Azrael
 18914 | D:14     | Killed Azrael
 19025 | D:14     | You pick up a book of Scorching and begin reading...
 19025 | D:14     | You add the spells Scorch, Flame Wave and Summon Cactus
                  | Giant to your library.
 19280 | D:14     | magus.rc [v1.9.6]
 19313 | D:15     | Entered Level 15 of the Dungeon
 19364 | D:15     | Reached skill level 7 in Translocations
 19715 | D:15     | Reached skill level 8 in Translocations
 19761 | D:15     | Found a staircase to the Depths.
 19897 | D:15     | Reached skill level 11 in Fighting
 19897 | D:15     | Reached XP level 17. HP: 112/112 MP: 32/32
 20008 | D:15     | Reached skill level 1 in Hexes
 20015 | D:15     | Reached ***** piety under Ashenzari
 20428 | Orc:2    | Bought a +4 ring mail of poison resistance for 420 gold
                  | pieces
 20582 | Swamp:1  | Entered Level 1 of the Swamp
 20706 | Swamp:1  | Reached skill level 2 in Hexes
 20979 | Swamp:1  | Noticed Jorgrun
 20984 | Swamp:1  | Reached skill level 3 in Hexes
 21011 | Swamp:1  | Killed Jorgrun
 21062 | Swamp:1  | Noticed Donald
 21079 | Swamp:1  | Killed Donald
 21286 | Swamp:1  | Reached skill level 4 in Hexes
 21658 | Swamp:1  | Reached skill level 12 in Fighting
 21939 | Swamp:1  | Reached skill level 5 in Armour
 22109 | Swamp:1  | You pick up a book of Geomancy and begin reading...
 22109 | Swamp:1  | You add the spells Sandblast, Passwall, Stone Arrow and
                  | Brom's Barrelling Boulder to your library.
 22532 | Swamp:1  | Reached skill level 6 in Armour
 22773 | Swamp:1  | T - a +0 executioner's axe of venom {axerare=g}
 22860 | Swamp:1  | You drop a +0 executioner's axe of venom {axerare=g}.
 22879 | Swamp:1  | a +0 quarterstaff {staff}; a +0 robe; a +0 executioner's
                  | axe of venom {axerare=g}
 22963 | Swamp:2  | Reached skill level 7 in Armour
 22966 | Swamp:2  | Found a frozen archway.
 22975 | IceCv    | Entered an ice cave
 23103 | IceCv    | Upgraded the game from 0.31-a0-816-gd61d57ddb1 to
                  | 0.31-a0-819-gf6de2f5ab6
 23103 | IceCv    | magus.rc [v1.9.6]
 23106 | IceCv    | Learned a level 2 spell: Blink
 23110 | IceCv    | Learned a level 3 spell: Teleport Other
 23116 | IceCv    | Learned a level 5 spell: Yara's Violent Unravelling
 23120 | IceCv    | Learned a level 3 spell: Gell's Gravitas
 23141 | IceCv    | Reached skill level 13 in Fighting
 23761 | IceCv    | Reached XP level 18. HP: 120/120 MP: 12/33
 23917 | IceCv    | Reached skill level 8 in Armour
 25854 | Swamp:3  | Found a runed translucent door.
 25855 | Swamp:3  | Noticed Silenth's ghost (adept KoHu)
 25888 | Swamp:3  | Reached skill level 14 in Fighting
 27026 | Swamp:4  | Entered Level 4 of the Swamp
 27063 | Swamp:4  | Reached skill level 15 in Fighting
 27806 | Swamp:4  | Reached skill level 1 in Stealth
 27887 | Swamp:4  | Reached skill level 2 in Stealth
 28006 | Swamp:4  | Reached skill level 3 in Stealth
 28010 | Swamp:4  | Noticed Mara
 28015 | Swamp:4  | Noticed MackTheKnife's illusion
 28019 | Swamp:4  | Reached skill level 16 in Polearms
 28053 | Swamp:3  | magus.rc [v1.9.6]
 28161 | Spider:1 | Entered Level 1 of the Spider Nest
 28806 | Spider:1 | Noticed Rupert
 28823 | Lair:3   | Gained mutation: You are resistant to electric shocks.
                  | (rElec) [potion of mutation]
 28823 | Lair:3   | Gained mutation: Your system is resistant to poisons.
                  | (rPois) [potion of mutation]
 28823 | Lair:3   | Gained mutation: You expend magic power (3 MP) to
                  | strengthen your wands. [potion of mutation]
 28909 | Spider:1 | Noticed Asterion
 29117 | Spider:1 | Killed Asterion
 29216 | Spider:1 | Killed Rupert
 29354 | Spider:1 | Noticed Josephine
 29357 | Spider:1 | Killed Josephine
 29997 | Spider:1 | Reached XP level 19. HP: 131/131 MP: 9/34
 30022 | Spider:1 | Reached skill level 17 in Dodging
 30907 | Spider:2 | Identified the +7 falchion "Fuighonanumn" {venom, Will+
                  | Str+3 Dex+3}
 31288 | Spider:2 | Reached skill level 8 in Spellcasting
 31667 | Spider:2 | Noticed Mlioglotl
 31690 | Spider:2 | Killed Mlioglotl
 31691 | Spider:2 | Reached skill level 9 in Spellcasting
 31969 | Spider:2 | You add the spells Cigotuvi's Dreadful Rot, Ignite Poison
                  | and Freezing Cloud to your library.
 32070 | Spider:2 | Learned a level 5 spell: Freezing Cloud
 32398 | Spider:3 | Reached skill level 7 in Transmutations
 32776 | Spider:3 | Reached skill level 5 in Hexes
 33326 | Spider:4 | Entered Level 4 of the Spider Nest
 33509 | Spider:4 | Identified the +7 quarterstaff of Cobwebs {venom, Fragile
                  | rC+ Int+6}
 34314 | Spider:4 | Reached skill level 17 in Polearms
 34786 | Spider:4 | Reached skill level 1 in Air Magic
 34808 | Spider:4 | Reached skill level 1 in Ice Magic
 34840 | Spider:4 | Reached skill level 2 in Air Magic
 35192 | Spider:4 | Reached skill level 2 in Ice Magic
 35192 | Spider:4 | Reached skill level 3 in Air Magic
 35258 | Spider:4 | Reached ****** piety under Ashenzari
 35339 | Spider:4 | Reached XP level 20. HP: 124/140 MP: 28/38
 35613 | Spider:4 | Got a gossamer rune of Zot
 35725 | Spider:4 | Reached skill level 4 in Air Magic
 36100 | Vaults:1 | Entered Level 1 of the Vaults
 36263 | Orc:2    | Bought a steaming chain mail for 285 gold pieces
 36263 | Orc:2    | Identified the +0 chain mail "Figeh" {Rampage Str+2} (You
                  | bought it in a shop on level 2 of the Orcish Mines)
 36511 | Vaults:1 | Reached skill level 3 in Ice Magic
 36655 | Vaults:1 | Reached skill level 5 in Air Magic
 36826 | Vaults:1 | Reached skill level 4 in Ice Magic
 36838 | Vaults:1 | Reached skill level 6 in Air Magic
 37220 | Vaults:1 | Reached skill level 7 in Air Magic
 37455 | Vaults:1 | Reached skill level 13 in Conjurations
 37850 | Vaults:1 | Identified the Discursus on Angles and the Bane
 38169 | Vaults:1 | You pick up a book of Beasts and begin reading...
 38169 | Vaults:1 | You add the spells Summon Ice Beast, Summon Mana Viper and
                  | Monstrous Menagerie to your library.
 38205 | Vaults:1 | Reached skill level 16 in Fighting
 38551 | Vaults:1 | +0 shadow dragon scales {rare}; a shadow dragon corpse
 38598 | Vaults:1 | +0 shadow dragon scales {rare}; a shadow dragon corpse
 38598 | Vaults:1 | R - +0 shadow dragon scales {rare}
 39097 | Vaults:2 | You pick up a book of the Warp and begin reading...
 39210 | Vaults:2 | Found Sosut's Distillery.
 39508 | Vaults:2 | Reached skill level 17 in Fighting
 39524 | Vaults:2 | Bought a potion of haste for 220 gold pieces
 39524 | Vaults:2 | Bought a potion of resistance for 220 gold pieces
 39851 | Vaults:2 | Reached skill level 9 in Armour
 40404 | Vaults:2 | Reached skill level 10 in Armour
 40665 | Vaults:2 | Noticed a bone dragon
 40667 | Vaults:2 | magus.rc [v1.9.6]
 40738 | Vaults:2 | Found Furad's Book Shoppe.
 40876 | Vaults:2 | You pick up a book of the Tundra and begin reading...
 41231 | Vaults:2 | Reached skill level 11 in Armour
 41260 | Vaults:2 | Reached XP level 21. HP: 149/149 MP: 20/39
 41299 | Vaults:2 | Found Kathomn's General Store.
 41469 | Vaults:2 | Found Kuegaf's Distillery.
 41481 | Vaults:2 | Bought a potion of heal wounds for 110 gold pieces
 41523 | Vaults:2 | Reached skill level 12 in Armour
 42225 | Vaults:3 | Reached skill level 6 in Evocations
 42596 | Vaults:3 | Reached skill level 7 in Evocations
 43037 | Vaults:3 | Reached skill level 8 in Evocations
 43237 | Vaults:3 | Found Irak's Antique Armour Shoppe.
 43377 | Vaults:3 | Reached skill level 9 in Evocations
 44032 | Vaults:4 | You are cast into the Abyss!
 44032 | Abyss:2  | Cast into level 2 of the Abyss (a wizard)
 44042 | Vaults:4 | You pass through the gate.
 44042 | Vaults:4 | Escaped the Abyss
 44096 | Vaults:4 | Reached skill level 10 in Spellcasting
 44579 | Vaults:4 | Noticed an ancient lich
 44831 | Vaults:4 | Reached skill level 18 in Dodging
 45319 | Vaults:4 | You add the spells Sticky Flame and Ignition to your
                  | library.
 45662 | Vaults:4 | Found a runed translucent gate.
 45663 | Vaults:4 | Found a runed translucent gate.
 45663 | Vaults:4 | Found a runed translucent gate.
 45666 | Vaults:4 | Noticed Nitziur's ghost (adept DrCj)
 45668 | Vaults:4 | Identified the +3 hat "Tig Hun" {rF+++ Str-4 SInv}
 45668 | Vaults:4 | Identified the +0 helmet "Bicaesin" {-Cast +Blink Dex+2}
 45981 | D:13     | magus.rc [v1.9.6]
 46191 | Swamp:4  | Killed Mara
 46221 | Swamp:4  | Reached XP level 22. HP: 145/158 MP: 7/41
 46437 | Swamp:4  | You pick up a book of Scorching and begin reading...
 46573 | Swamp:4  | Got a decaying rune of Zot
 46902 | Depths:1 | Entered Level 1 of the Depths
 46923 | D:15     | Reached skill level 18 in Fighting
 47294 | Elf:1    | Entered Level 1 of the Elven Halls
 47929 | Elf:1    | Found Mifai's Armour Boutique.
 47967 | Elf:1    | Bought the -2 hat of the Alchemist {rElec rPois rF+ rC+ rN+
                  | Will+ rMut rCorr} for 896 gold pieces
 47967 | Elf:1    | Found the -2 hat of the Alchemist {rElec rPois rF+ rC+ rN+
                  | Will+ rMut rCorr}
 48142 | Elf:1    | Reached skill level 19 in Dodging
 48467 | Elf:1    | Identified a scroll of acquirement
 48481 | Elf:1    | Acquired the +3 pair of gauntlets of War {Slay+5}
 48481 | Elf:1    | Found the +3 pair of gauntlets of War {Slay+5}
 49148 | Elf:2    | Reached skill level 18 in Polearms
 49157 | Elf:2    | Found a portal to a secret trove of treasure.
 49436 | Elf:2    | Found a runed translucent gate.
 49436 | Elf:2    | Found a runed translucent gate.
 49437 | Elf:2    | Found a runed translucent gate.
 49442 | Elf:2    | Noticed Begul's ghost (adept GrEE)
 49517 | Elf:2    | Found a runed translucent gate.
 49521 | Elf:2    | Found a runed translucent gate.
 49521 | Elf:2    | Found a runed translucent gate.
 49730 | Elf:2    | Identified the +3 leather armour "Yvomol" {rPois rN+ rCorr}
 49822 | Elf:2    | Found an iron altar of Okawaru.
 49999 | Elf:3    | Entered Level 3 of the Elven Halls
 50348 | Elf:3    | Reached skill level 19 in Polearms
 50682 | Elf:3    | magus.rc [v1.9.6]
 50682 | Elf:3    | magus.rc [v1.9.6]
 51130 | Elf:3    | Identified the +0 quarterstaff "Sanwes" {freeze, rElec
                  | rPois rCorr Int-5}
 51482 | Elf:3    | Identified the +9 flail "Cacor" {freeze, rPois rN+}
 51482 | Elf:3    | Identified the ring "Etih" {rF- rN+++ rCorr Int-5 Slay+4}
 51483 | Elf:3    | Reached skill level 20 in Polearms
 51799 | Elf:3    | a deep elf elementalist comes into view. It is wielding the
                  | +7 Spriggan's Knife {stab, EV+4 Stlth+}.
 51801 | Elf:3    | Identified the +6 flail of Melee {flame, rC++ Will-}
 51978 | Elf:3    | You drop +0 shadow dragon scales {rare}.
 51998 | Elf:3    | F - a +2 heavy executioner's axe {axerare=g}
 52084 | Elf:3    | You pick up a book of the Senses and begin reading...
 52084 | Elf:3    | You add the spells Dazzling Flash, Agony and Silence to
                  | your library.
 52086 | Elf:3    | You pick up a book of the Hunter and begin reading...
 52086 | Elf:3    | You add the spells Sigil of Binding, Call Canine Familiar
                  | and Leda's Liquefaction to your library.
 52123 | Elf:3    | Identified the +7 triple crossbow of Light {heavy, rElec
                  | rF+ Will+ MP+9 Dex-4}
 52123 | Elf:3    | Identified the +2 ring mail "Ladiul" {Int+5}
 52125 | Elf:3    | You pick up a book of Iron and begin reading...
 52133 | Elf:3    | You pick up a book of Changes and begin reading...
 52138 | Elf:3    | Identified the +1 ring mail "Gessis" {Fly rElec rCorr}
 52140 | Elf:3    | Identified the +0 scale mail "Teich" {Will++ Int+5 Stlth-}
 52159 | Elf:3    | You pick up a book of Decay and begin reading...
 52159 | Elf:3    | You add the spells Dispel Undead and Death Channel to your
                  | library.
 52838 | Depths:1 | Found a one-way gate leading to the halls of Pandemonium.
 52863 | Depths:1 | Reached XP level 23. HP: 160/162 MP: 40/42
 52995 | Depths:1 | Found a one-way gateway to a ziggurat.
 53001 | Depths:1 | Reached skill level 21 in Polearms
 53594 | Depths:1 | Found a burning altar of Makhleb.
 53774 | Depths:2 | magus.rc [v1.9.6]
 53917 | Depths:2 | Reached skill level 19 in Fighting
 54296 | Depths:2 | You pick up a book of Dreams and begin reading...
 54518 | Depths:2 | Found Ximmuri's Assorted Antiques.
 54521 | Depths:2 | Found Nyoshom's Assorted Antiques.
 54528 | Depths:2 | Reached skill level 20 in Dodging
 54540 | Depths:2 | Found Yriem's Armour Boutique.
 54543 | Depths:2 | Bought a potion of heal wounds for 90 gold pieces
 54543 | Depths:2 | Bought a scroll of teleportation for 54 gold pieces
 54543 | Depths:2 | Bought a heavily runed ring mail for 162 gold pieces
 54543 | Depths:2 | Identified the +0 ring mail of True Grit {Rampage Drain
                  | +Inv rElec} (You bought it in a shop on level 2 of the
                  | Depths)
 55252 | Depths:2 | Found a hide-covered altar of Uskayaw.
 55787 | Depths:3 | Found a white marble altar of Elyvilon.
 55842 | Depths:3 | Reached skill level 20 in Fighting
 55937 | Depths:3 | Reached XP level 24. HP: 171/171 MP: 36/41
 55949 | Depths:3 | Reached skill level 21 in Dodging
 56250 | Depths:3 | Found a one-way gate to the infinite horrors of the Abyss.
 56480 | Depths:3 | a +3 quick blade of protection {shortrare=g}; a +0 robe; a
                  | +0 buckler
 56596 | Depths:3 | G - a +3 quick blade of protection {shortrare=g}
 56759 | Depths:3 | You drop a +2 heavy executioner's axe {axerare=g}.
 56760 | Depths:3 | You drop a +3 quick blade of protection {shortrare=g}.
 56776 | Depths:4 | Entered Level 4 of the Depths
 56905 | Depths:4 | Noticed a juggernaut
 56919 | Depths:4 | Killed a juggernaut
 57287 | Depths:4 | Found Todgh's Assorted Antiques.
 57715 | Depths:4 | Reached skill level 21 in Fighting
 57811 | Depths:4 | Reached skill level 22 in Dodging
 58080 | Depths:4 | Found a gate to the Realm of Zot.
 58189 | Depths:4 | You pick up a book of Vapours and begin reading...
 58189 | Depths:4 | You add the spells Poisonous Vapours and Mephitic Cloud to
                  | your library.
 58660 | Vaults:5 | Entered Level 5 of the Vaults
 58661 | Vaults:5 | Noticed a dread lich
 58839 | Vaults:5 | Reached skill level 9 in Translocations
 58884 | Vaults:5 | Noticed an ancient lich
 58890 | Vaults:5 | a yaktaur comes into view. It is wielding the +8 demon
                  | trident "Rift" {distort, reach+}.
 58898 | Vaults:5 | Killed an ancient lich
 58905 | Vaults:5 | Identified the +5 broad axe "Eviscerator" {spect, rCorr
                  | Int+3}
 59075 | Vaults:5 | You pick up a book of the Spheres and begin reading...
 59075 | Vaults:5 | You add the spells Fireball, Conjure Ball Lightning and Orb
                  | of Destruction to your library.
 59260 | Vaults:5 | Reached skill level 1 in Shields
 59265 | Vaults:5 | Reached skill level 2 in Shields
 59313 | Vaults:5 | Reached skill level 3 in Shields
 59345 | Vaults:5 | Reached skill level 4 in Shields
 59514 | Vaults:5 | You pick up a book of Spatial Translocations and begin
                  | reading...
 59545 | Vaults:5 | Reached skill level 5 in Shields
 59584 | Vaults:5 | Reached XP level 25. HP: 114/184 MP: 43/43
 59662 | Vaults:5 | Got a silver rune of Zot
 59748 | Vaults:5 | Reached skill level 6 in Shields
 59790 | Vaults:5 | +0 storm dragon scales {rare}; a storm dragon corpse
 59804 | Vaults:5 | Noticed an ancient lich
 59818 | Vaults:5 | Killed an ancient lich
 59819 | Vaults:5 | Reached skill level 7 in Shields
 59972 | Vaults:5 | Found Zacal's General Store.
 59999 | Vaults:5 | Reached skill level 8 in Shields
 60013 | Vaults:5 | Killed a dread lich
 60114 | Vaults:5 | Reached skill level 9 in Shields
 60153 | Vaults:5 | Bought a scroll of teleportation for 45 gold pieces
 60175 | Vaults:5 | +0 storm dragon scales {rare}; a storm dragon corpse
 60506 | Vaults:5 | Reached skill level 10 in Shields
 60640 | Vaults:5 | Identified the +0 long sword of World's End {venom, Int+3
                  | Dex+5}
 60641 | Vaults:5 | Identified the +2 pair of gloves of the Furrier {rElec rF-
                  | Will+++}
 60642 | Vaults:5 | Identified the +1 leather armour of Divine Intervention
                  | {rElec rCorr Str+2}
 60868 | Vaults:5 | Identified the Tome of Changes and the Spider
 60881 | Vaults:5 | You pick up a book of Geomancy and begin reading...
 60955 | Vaults:5 | Reached skill level 11 in Shields
 61583 | Vaults:2 | Found a staircase to the Crypt.
 61591 | Crypt:1  | Entered Level 1 of the Crypt
 61757 | Crypt:1  | Noticed a dread lich
 61765 | Crypt:1  | Killed a dread lich
 61766 | Crypt:1  | Reached skill level 12 in Shields
 61992 | Crypt:1  | You pick up a book of Callings and begin reading...
 61992 | Crypt:1  | You add the spells Summon Small Mammal and Summon Guardian
                  | Golem to your library.
 62206 | Crypt:1  | Reached skill level 13 in Shields
 62272 | Crypt:1  | Noticed Zenata
 62282 | Crypt:1  | Banished Zenata
 62901 | Crypt:2  | Reached skill level 14 in Shields
 63072 | Crypt:2  | Noticed Sojobo
 63118 | Crypt:2  | Aim: Sojobo, wielding a +1 great sword of electrocution and
                  | wearing a +1 scale mail of poison resistance (almost dead,
                  | repelling missiles, about 39% to evade the +8 demon trident
                  | "Rift")
 63118 | Crypt:2  | Aim: Sojobo, wielding a +1 great sword of electrocution and
                  | wearing a +1 scale mail of poison resistance (almost dead,
                  | repelling missiles, about 39% to evade the +8 demon trident
                  | "Rift")
 63119 | Crypt:2  | Aim: Sojobo, wielding a +1 great sword of electrocution and
                  | wearing a +1 scale mail of poison resistance (almost dead,
                  | repelling missiles, about 39% to evade the +8 demon trident
                  | "Rift")
 63119 | Crypt:2  | Aim: Sojobo, wielding a +1 great sword of electrocution and
                  | wearing a +1 scale mail of poison resistance (almost dead,
                  | repelling missiles, about 39% to evade the +8 demon trident
                  | "Rift")
 63119 | Crypt:2  | Killed Sojobo
 63120 | Crypt:2  | Aim: a tengu reaver, wielding a +2 long sword of freezing,
                  | wearing a +0 scale mail and wearing a +0 buckler (almost
                  | dead, about 28% to evade the +8 demon trident "Rift")
 63120 | Crypt:2  | Aim: a tengu reaver, wielding a +2 long sword of freezing,
                  | wearing a +0 scale mail and wearing a +0 buckler (almost
                  | dead, about 28% to evade the +8 demon trident "Rift")
 63282 | Crypt:2  | Noticed a royal mummy
 63286 | Crypt:2  | Noticed Khufu
 63286 | Crypt:2  | Noticed a royal mummy
 63357 | Crypt:1  | magus.rc [v1.9.6]
 63369 | Crypt:3  | Entered Level 3 of the Crypt
 63371 | Crypt:3  | Reached XP level 26. HP: 186/186 MP: 41/41
 63393 | Crypt:3  | magus.rc [v1.9.6]
 63611 | Crypt:3  | magus.rc [v1.9.6]
 63762 | Crypt:3  | Noticed a dread lich
 63776 | Crypt:3  | Killed a dread lich
 63874 | Crypt:3  | Found a staircase to the Tomb.
 63957 | Crypt:3  | magus.rc [v1.9.6]
 63979 | Crypt:3  | Reached skill level 22 in Fighting
 64407 | Crypt:3  | Identified the ring "Zigiotso" {rN+ Slay+4}
 64407 | Crypt:3  | Identified the ring "Rohesoag" {rPois rN+}
 64407 | Crypt:3  | Identified the ring "Vetuciyn" {rF+ rN+}
 64672 | Crypt:3  | Found a basalt altar of Yredelemnul.
 64710 | Crypt:3  | Identified the amulet of Xom's Passing Interest {Faith
                  | Int+2}
 64710 | Crypt:3  | Identified Hif Vori's Elucidation of Blows
 65159 | Zot:1    | Entered Level 1 of the Realm of Zot
 65225 | Zot:2    | Noticed a curse toe
 65455 | Zot:2    | Killed a curse toe
 65456 | Zot:2    | Aim: a red draconian scorcher, wielding a +0 dagger and
                  | wearing a +2 cloak (blue smoke, about 21% to evade the +8
                  | demon trident "Rift")
 65456 | Zot:2    | Aim: a red draconian scorcher, wielding a +0 dagger and
                  | wearing a +2 cloak (blue smoke, about 21% to evade the +8
                  | demon trident "Rift")
 65480 | Zot:1    | Aim: a red draconian scorcher, wielding a +0 dagger and
                  | wearing a +2 cloak (moderately wounded, about 21% to evade
                  | the +8 demon trident "Rift")
 65480 | Zot:1    | Aim: a red draconian scorcher, wielding a +0 dagger and
                  | wearing a +2 cloak (moderately wounded, about 21% to evade
                  | the +8 demon trident "Rift")
 65481 | Zot:1    | Aim: a red draconian scorcher, wielding a +0 dagger and
                  | wearing a +2 cloak (severely wounded, about 21% to evade
                  | the +8 demon trident "Rift")
 65481 | Zot:1    | Aim: a red draconian scorcher, wielding a +0 dagger and
                  | wearing a +2 cloak (severely wounded, about 21% to evade
                  | the +8 demon trident "Rift")
 65488 | Zot:1    | Reached skill level 23 in Fighting
 65488 | Zot:1    | Aim: a red draconian scorcher, wielding a +0 dagger and
                  | wearing a +2 cloak (almost dead, about 21% to evade the +8
                  | demon trident "Rift")
 65488 | Zot:1    | Aim: a red draconian scorcher, wielding a +0 dagger and
                  | wearing a +2 cloak (almost dead, about 21% to evade the +8
                  | demon trident "Rift")
 65565 | Zot:1    | quicksilver dragon scales {rare}; a +0 hand axe {axe}; a
                  | quicksilver dragon corpse
 65614 | Zot:1    | quicksilver dragon scales {rare}; a +0 hand axe {axe}; a
                  | quicksilver dragon corpse
 65698 | Zot:1    | magus.rc [v1.9.6]
 65903 | Zot:1    | Identified +0 gold dragon scales
 66162 | Zot:2    | Found a transporter.
 66202 | Zot:2    | Found a transporter.
 66230 | Zot:2    | Reached skill level 24 in Fighting
 66389 | Zot:2    | Found a transporter.
 66393 | Zot:2    | Found a transporter.
 66420 | Zot:2    | Found a transporter.
 66454 | Zot:2    | Found a transporter.
 66604 | Zot:2    | You pick up a book of Iron and begin reading...
 66766 | Zot:3    | Noticed an orb of fire
 66904 | Zot:3    | Noticed a curse toe
 66904 | Zot:3    | Noticed a curse toe
 67176 | Zot:4    | Reached XP level 27. HP: 176/199 MP: 3/42
 67401 | Zot:4    | Reached skill level 13 in Armour
 67423 | Zot:5    | Entered Level 5 of the Realm of Zot
 67559 | Zot:5    | Reached skill level 14 in Armour
 67839 | Zot:5    | magus.rc [v1.9.6]
 67980 | Zot:5    | Noticed an orb of fire
 67980 | Zot:5    | Noticed an orb of fire
 68002 | Zot:5    | Noticed an ancient lich
 68003 | Zot:5    | Noticed an orb of fire
 68031 | Zot:5    | Reached skill level 15 in Armour
 68036 | Zot:5    | Killed an ancient lich
 68042 | Zot:5    | Noticed an ancient lich
 68060 | Zot:5    | Killed an ancient lich
 68158 | Zot:5    | Identified +0 gold dragon scales
 68273 | Zot:5    | +0 gold dragon scales {rare}; a +12 club of flaming {mace};
                  | a golden dragon corpse
 68283 | Zot:5    | Noticed an orb of fire
 68287 | Zot:5    | Noticed an electric golem
 68310 | Zot:5    | Noticed an orb of fire
 68313 | Zot:5    | magus.rc [v1.9.6]
 68313 | Zot:5    | Noticed an orb of fire
 68313 | Zot:5    | Gained mutation: You are dopey. (Int -2) [an orb of fire]
 68322 | Zot:5    | Noticed an orb of fire
 68334 | Zot:5    | Gained mutation: Your spells are a little easier to cast,
                  | but a little less powerful. [mutagenic glow]
 68336 | Zot:5    | Lost mutation: You are dopey. (Int -2) [potion of mutation]
 68336 | Zot:5    | Lost mutation: You are resistant to electric shocks.
                  | (rElec) [potion of mutation]
 68336 | Zot:5    | Lost mutation: You expend magic power (3 MP) to strengthen
                  | your wands. [potion of mutation]
 68337 | Zot:5    | magus.rc [v1.9.6]
 68337 | Zot:5    | Lost mutation: Your spells are a little easier to cast, but
                  | a little less powerful. [potion of mutation]
 68337 | Zot:5    | Lost mutation: Your system is resistant to poisons. (rPois)
                  | [potion of mutation]
 68337 | Zot:5    | Gained mutation: Your mind is acute. (Int +4, Str/Dex -1)
                  | [potion of mutation]
 68338 | Zot:5    | Lost mutation: Your mind is acute. (Int +4, Str/Dex -1)
                  | [potion of mutation]
 68338 | Zot:5    | Gained mutation: You are robust. (+10% HP) [potion of
                  | mutation]
 68338 | Zot:5    | Lost mutation: You are robust. (+10% HP) [potion of
                  | mutation]
 68339 | Zot:5    | magus.rc [v1.9.6]
 68557 | Zot:3    | magus.rc [v1.9.6]
 68575 | Zot:3    | Killed a curse toe
 68685 | Zot:3    | +0 storm dragon scales {rare}; a +0 long sword {long}; a
                  | storm dragon skeleton
 68719 | Zot:3    | +0 storm dragon scales {rare}; a +0 long sword {long}; a
                  | storm dragon skeleton
 68721 | Zot:3    | magus.rc [v1.9.6]
 68760 | Zot:3    | Gained mutation: You expend magic power (3 MP) to
                  | strengthen your wands. [an orb of fire]
 68767 | Zot:2    | Aim: a black draconian knight, wielding a +2 battleaxe of
                  | freezing and wearing a +0 cloak (fast, catching its breath,
                  | about 21% to evade the cursed +8 demon trident "Rift")
 68767 | Zot:2    | Aim: a black draconian knight, wielding a +2 battleaxe of
                  | freezing and wearing a +0 cloak (fast, catching its breath,
                  | about 21% to evade the cursed +8 demon trident "Rift")
 68793 | Zot:3    | Killed an orb of fire
 68867 | Zot:5    | magus.rc [v1.9.6]
 69020 | Zot:5    | Killed an orb of fire
 69092 | Zot:5    | Aim: a red draconian scorcher, wielding a +1 dagger of
                  | protection and wearing a +1 cloak (lightly wounded, about
                  | 21% to evade the cursed +8 demon trident "Rift")
 69092 | Zot:5    | Aim: a red draconian scorcher, wielding a +1 dagger of
                  | protection and wearing a +1 cloak (lightly wounded, about
                  | 21% to evade the cursed +8 demon trident "Rift")
 69108 | Zot:5    | Killed an orb of fire
 69117 | Zot:5    | Reached skill level 10 in Evocations
 69195 | Zot:5    | Banished an orb of fire
 69327 | Zot:5    | Noticed an electric golem
 69340 | Zot:5    | Banished an orb of fire
 69350 | Zot:5    | Killed an orb of fire
 69351 | Zot:5    | Reached skill level 11 in Evocations
 69374 | Zot:5    | Noticed a dread lich
 69391 | Zot:5    | Banished a dread lich
 69394 | Zot:5    | Killed an electric golem
 69395 | Zot:5    | Noticed an orb of fire
 69406 | Zot:5    | Noticed an orb of fire
 69408 | Zot:5    | Reached skill level 12 in Evocations
 69415 | Zot:5    | Killed an orb of fire
 69425 | Zot:5    | Aim: a yellow draconian, wielding a +0 scimitar (severely
                  | wounded, slow, ally target, about 16% to evade the cursed
                  | +8 demon trident "Rift")
 69425 | Zot:5    | Aim: a yellow draconian, wielding a +0 scimitar (severely
                  | wounded, slow, ally target, about 16% to evade the cursed
                  | +8 demon trident "Rift")
 69430 | Zot:5    | Aim: a Killer Klown, wielding a +12 club of flaming (about
                  | 23% to evade the cursed +8 demon trident "Rift")
 69430 | Zot:5    | Aim: a Killer Klown, wielding a +12 club of flaming (about
                  | 23% to evade the cursed +8 demon trident "Rift")
 69431 | Zot:5    | Aim: a Killer Klown, wielding a +12 club of flaming (about
                  | 23% to evade the cursed +8 demon trident "Rift")
 69431 | Zot:5    | Aim: a Killer Klown, wielding a +12 club of flaming (about
                  | 23% to evade the cursed +8 demon trident "Rift")
 69432 | Zot:5    | Gained mutation: You occasionally shout uncontrollably at
                  | your foes. [an orb of fire]
 69433 | Zot:5    | Aim: a Killer Klown, wielding a +12 club of flaming
                  | (lightly wounded, about 23% to evade the cursed +8 demon
                  | trident "Rift")
 69433 | Zot:5    | Aim: a Killer Klown, wielding a +12 club of flaming
                  | (lightly wounded, about 23% to evade the cursed +8 demon
                  | trident "Rift")
 69434 | Zot:5    | Aim: a Killer Klown, wielding a +12 club of flaming
                  | (heavily wounded, about 23% to evade the cursed +8 demon
                  | trident "Rift")
 69434 | Zot:5    | Aim: a Killer Klown, wielding a +12 club of flaming
                  | (heavily wounded, about 23% to evade the cursed +8 demon
                  | trident "Rift")
 69435 | Zot:5    | Aim: a Killer Klown, wielding a +12 club of flaming
                  | (heavily wounded, about 23% to evade the cursed +8 demon
                  | trident "Rift")
 69435 | Zot:5    | Aim: a Killer Klown, wielding a +12 club of flaming
                  | (heavily wounded, about 23% to evade the cursed +8 demon
                  | trident "Rift")
 69435 | Zot:5    | Gained mutation: You occasionally lose the ability to drink
                  | potions when taking damage. [an orb of fire]
 69461 | Zot:5    | Killed an orb of fire
 69462 | Zot:5    | Lost mutation: You expend magic power (3 MP) to strengthen
                  | your wands. [potion of mutation]
 69462 | Zot:5    | Lost mutation: You occasionally lose the ability to drink
                  | potions when taking damage. [potion of mutation]
 69462 | Zot:5    | Lost mutation: You occasionally shout uncontrollably at
                  | your foes. [potion of mutation]
 69515 | Zot:5    | Reached skill level 13 in Evocations
 69595 | Zot:5    | Got the Orb of Zot
 69628 | Zot:5    | Aim: a red devil, wielding a +0 trident of freezing (about
                  | 22% to evade the cursed +8 demon trident "Rift")
 69628 | Zot:5    | Aim: a red devil, wielding a +0 trident of freezing (about
                  | 22% to evade the cursed +8 demon trident "Rift")
 69633 | Zot:5    | Aim: a red devil, wielding a +0 trident of freezing
                  | (heavily wounded, about 22% to evade the cursed +8 demon
                  | trident "Rift")
 69633 | Zot:5    | Aim: a red devil, wielding a +0 trident of freezing
                  | (heavily wounded, about 22% to evade the cursed +8 demon
                  | trident "Rift")
 69695 | Zot:5    | Reached skill level 14 in Evocations
 70219 | D:$      | Escaped with the Orb!

Vanquished Creatures
  3 dread liches
  Mara (Swamp:4)
  6 orbs of fire
  4 ancient liches
  A juggernaut (Depths:4)
  Sojobo (Crypt:2)
  A Killer Klown (Zot:5)
  2 curse toes
  5 golden dragons
  2 bone dragons (Depths:4)
  A Brimstone Fiend (Zot:5)
  Rupert (Spider:1)
  3 liches
  Jorgrun (Swamp:1)
  Mlioglotl (Spider:2)
  20 Orb Guardians (Zot:5)
  11 tentacled monstrosities
  6 titans
  2 deep elf blademasters (Elf:3)
  8 quicksilver dragons
  An Executioner (Zot:4)
  6 death cobs
  2 deep elf master archers (Elf:3)
  5 sphinxes
  Gastronok (D:9)
  3 ancient champions
  7 tengu reavers
  17 shadow dragons
  8 storm dragons
  2 draconian monks
  Donald (Swamp:1)
  2 revenants (Crypt:1)
  6 frost giants
  8 fire giants
  A deep elf sorcerer (Elf:3)
  A balrug (Depths:2)
  3 draconian scorchers
  7 ghost moths
  3 draconian knights
  A draconian stormcaller (Zot:3)
  3 emperor scorpions (Spider:4)
  10 vault wardens
  4 draconian annihilators
  12 deep elf elementalists
  4 draconian shifters
  7 orc warlords
  2 spriggan defenders (Depths:3)
  A reaper (Crypt:1)
  6 ghouls
  33 very ugly things
  13 ironbound preservers
  A caustic shrike skeleton (Crypt:3)
  5 war gargoyles
  2 broodmothers
  13 ironbound thunderhulks
  6 vampire knights
  3 formless jellyfish
  6 eleionomae
  18 stone giants
  3 bunyips
  10 green draconians
  9 deep elf annihilators
  Nessos (D:13)
  11 dire elephants
  Azrael (D:14)
  5 deep elf demonologists
  10 black draconians
  10 yellow draconians
  3 red draconians
  3 white draconians
  9 purple draconians
  3 eidola (Crypt:1)
  14 spark wasps
  12 deep elf death magi
  An ettin (shapeshifter) (Vaults:5)
  4 crystal guardians
  2 green deaths
  14 fire dragons
  7 jiangshi
  5 great orbs of eyes
  24 vault guards (Vaults:5)
  4 deep elf high priests
  18 ettins
  12 yaktaur captains
  6 entropy weavers
  14 hydras
  Josephine (Spider:1)
  A hydra (shapeshifter) (Vaults:2)
  3 salamander tyrants (Depths:2)
  3 ghost crabs
  3 rakshasas
  2 peacekeepers
  11 alligators
  9 deep troll shamans
  A jorogumo (Spider:2)
  2 spriggan air magi
  8 ironbound frosthearts
  2 catoblepae
  8 ice dragons
  9 boulder beetles
  A death knight (Crypt:1)
  A radroach (shapeshifter) (Vaults:3)
  8 centaur warriors
  2 radroaches (Spider:4)
  24 demonic crawlers
  11 two-headed ogres
  A death yak (Lair:5)
  19 dancing weapons
  4 tengu warriors
  13 deep troll earth magi
  7 vampire magi
  5 orc high priests
  Urug (D:13)
  15 spriggans
  5 spriggan berserkers
  9 deep elf knights
  A soul eater (Crypt:1)
  A storm dragon zombie (Vaults:4)
  A sun demon (Lair:5)
  Nergalle (D:10)
  14 hell knights
  9 iron trolls
  2 fire crabs (Swamp:4)
  A sun moth (Spider:4)
  4 pharaoh ants
  2 goliath frogs
  A titan skeleton (Vaults:4)
  A golden dragon zombie (Crypt:3)
  9 orb spiders
  15 skeletal warriors
  3 shadow wraiths
  3 skysharks (Lair:5)
  A shadow demon (Zot:2)
  3 flayed ghosts
  49 deep trolls
  7 spriggan druids
  12 swamp dragons
  A bunyip skeleton (Crypt:3)
  13 deep elf archers
  A glowing orange brain (Depths:3)
  4 harpies (Vaults:2)
  Lodul (D:14)
  22 ironbound convokers
  An orange crystal statue (IceCv)
  19 deep elf zephyrmancers
  Pikel (D:4)
  An anaconda skeleton (Crypt:3)
  10 bog bodies
  6 steelbarb worms
  8 wizards
  A harpy (shapeshifter) (Elf:2)
  7 lindwurms
  12 phantasmal warriors
  24 deep elf pyromancers
  A tengu skeleton (Depths:2)
  A mana viper (shapeshifter) (Vaults:5)
  22 orc knights
  6 orc sorcerers
  38 ugly things
  18 necromancers
  3 human zombies
  17 wolf spiders
  2 salamanders (Depths:2)
  A salamander (shapeshifter) (D:15)
  A sphinx simulacrum (Vaults:1)
  5 will-o-the-wisps
  13 moths of wrath
  3 manticores
  3 cyclopes
  6 black mambas
  2 rust devils (Depths:2)
  2 naga magi (D:15)
  15 vault sentinels
  An eye of devastation (shapeshifter) (Vaults:5)
  A water nymph (Depths:2)
  12 elephants
  3 smoke demons (Depths:2)
  8 spectral spriggans (Swamp:1)
  6 orange demons
  7 torpor snails
  A shock serpent skeleton (Crypt:1)
  Maggie (D:10)
  A dire elephant skeleton (Crypt:3)
  A rime drake (shapeshifter) (Elf:1)
  2 centaur skeletons
  19 cane toads
  11 rime drakes
  5 tengu conjurers
  2 ice devils (Depths:2)
  2 efreet (D:14)
  A swamp worm zombie (Crypt:1)
  8 komodo dragons
  A redback zombie (D:15)
  8 freezing wraiths
  A komodo dragon (shapeshifter) (Vaults:5)
  30 yaktaurs
  14 human skeletons
  A harpy zombie (Crypt:1)
  2 yaktaur skeletons
  8 trolls
  8 bloated husks
  2 red devils
  9 polar bears
  A wind drake (shapeshifter) (D:14)
  A wolf spider simulacrum (D:15)
  10 tyrant leeches
  A merfolk (Depths:2)
  A hornet (shapeshifter) (Elf:3)
  A polar bear (shapeshifter) (D:14)
  12 meliai
  A hydra skeleton (Crypt:1)
  21 tarantellas
  24 blink frogs
  A hellwing (Lair:5)
  A raiju (shapeshifter) (Vaults:5)
  A spriggan zombie (Depths:2)
  10 hornets
  A frost giant simulacrum (Vaults:2)
  A harpy skeleton (Crypt:3)
  A meliai zombie (D:15)
  44 slime creatures
  18 culicivoras
  A stone giant simulacrum (Crypt:1)
  26 jumping spiders
  41 flying skulls
  An ettin skeleton (Vaults:1)
  2 shadows
  6 air elementals
  2 centaur simulacra
  A spriggan (shapeshifter) (Depths:2)
  36 yaks
  10 wraiths
  2 ynoxinuls
  4 fire elementals
  15 humans (D:13)
  A dire elephant simulacrum (Crypt:1)
  4 basilisks
  6 water elementals
  2 chaos spawn (Depths:2)
  6 wyverns
  50 redbacks
  19 vampire mosquitoes
  5 wargs
  2 steam dragons (Swamp:4)
  A naga zombie (Crypt:3)
  15 swamp worms
  An acid dragon (D:12)
  A swamp worm (shapeshifter) (Vaults:5)
  A deep troll zombie (Crypt:3)
  A demonspawn skeleton (Crypt:2)
  8 hell hounds
  11 water moccasins
  11 swamp drakes
  2 ogre skeletons
  3 ice beasts
  2 glowing shapeshifter skeletons
  A hornet zombie (D:15)
  A naga skeleton (Crypt:1)
  A two-headed ogre skeleton (Crypt:2)
  A sky beast (D:6)
  61 orc warriors
  2 black bears (D:8)
  A boggart (Vaults:3)
  20 ogres
  14 wolves
  8 centaurs
  4 lemures
  A phantom (D:6)
  13 bullfrogs
  2 gnoll sergeants
  A kobold brigand (D:7)
  2 earth elementals
  4 necrophages (Crypt:3)
  3 scorpions
  A glowing shapeshifter simulacrum (Vaults:2)
  An ogre simulacrum (Vaults:4)
  15 wights
  A cyclops skeleton (Crypt:2)
  3 killer bees (D:8)
  A troll zombie (Crypt:1)
  A yak skeleton (Crypt:2)
  5 electric eels (Spider:2)
  2 howler monkeys
  A wolf skeleton (Crypt:1)
  5 hounds
  2 gnoll boudas
  32 orc priests
  A jelly (D:7)
  6 iguanas
  3 sleepcaps
  24 orc wizards
  12 hell rats
  A hound skeleton (Crypt:2)
  A howler monkey zombie (Crypt:1)
  10 adders
  22 gnolls
  2 shadow imps
  A lava snake skeleton (Crypt:1)
  2 worms
  5 dart slugs
  131 orcs
  2 bats
  5 endoplasms
  2 giant cockroaches
  23 goblins
  12 hobgoblins
  2 jackals (D:2)
  12 kobolds
  3 quokkas (D:5)
  4 ball pythons
  4 frilled lizards
  An orc skeleton (Crypt:1)
  2 rats (D:1)
  A butterfly (D:4)
2279 creatures vanquished.

Vanquished Creatures (collateral kills)
  An electric golem (Zot:5)
  A shadow dragon (Zot:5)
  A yellow draconian (Zot:5)
3 creatures vanquished.

Vanquished Creatures (others)
  Asterion (Spider:1)
  A hydra (Swamp:4)
  A dancing weapon (Elf:2)
  An ugly thing (D:15)
  A lindwurm (Swamp:4)
  A will-o-the-wisp (Swamp:1)
  2 bloated husks
  A hornet (Swamp:3)
  A hell hound (D:14)
  A swamp drake (Swamp:4)
  17 foxfires
28 creatures vanquished.

Grand Total: 2310 creatures vanquished

Table legend:
 A = Non-vault XP
 B = Vault XP
 C = Vault XP percentage of total XP
 D = Non-vault monster count
 E = Vault monster count
 F = Vault count percentage of total count
                 A         B        C        D         E       F
            +---------+---------+-------+---------+---------+-------
      Total |  753441 |  621717 |  45.2 |    1400 |     941 |  40.2
            +---------+---------+-------+---------+---------+-------
        D:1 |      18 |      10 |  35.7 |      11 |       5 |  31.2
        D:2 |      94 |       0 |   0.0 |      16 |       0 |   0.0
        D:3 |     117 |       0 |   0.0 |      12 |       0 |   0.0
        D:4 |     311 |     641 |  67.3 |      28 |       1 |   3.4
        D:5 |     433 |     266 |  38.1 |      15 |      13 |  46.4
        D:6 |    1250 |       0 |   0.0 |      27 |       0 |   0.0
        D:7 |     915 |       7 |   0.8 |      22 |       4 |  15.4
        D:8 |     981 |       0 |   0.0 |      23 |       0 |   0.0
        D:9 |    2372 |    1497 |  38.7 |      23 |       1 |   4.2
       D:10 |    3004 |    2585 |  46.3 |      27 |      27 |  50.0
       D:11 |    3697 |       0 |   0.0 |      14 |       0 |   0.0
       D:12 |    2536 |       0 |   0.0 |       8 |       0 |   0.0
       D:13 |    9837 |    5834 |  37.2 |      27 |      19 |  41.3
       D:14 |    5051 |    3694 |  42.2 |      12 |      16 |  57.1
       D:15 |   16746 |    6689 |  28.5 |      31 |      12 |  27.9
     Lair:1 |    7235 |       0 |   0.0 |      25 |       0 |   0.0
     Lair:2 |    6804 |    1255 |  15.6 |      31 |       3 |   8.8
     Lair:3 |    5775 |    1309 |  18.5 |      25 |       4 |  13.8
     Lair:4 |    6506 |       0 |   0.0 |      30 |       0 |   0.0
     Lair:5 |   14481 |   10029 |  40.9 |      43 |      26 |  37.7
    Swamp:1 |   12077 |   17894 |  59.7 |      25 |      27 |  51.9
    Swamp:2 |   12112 |       0 |   0.0 |      25 |       0 |   0.0
    Swamp:3 |   14310 |       0 |   0.0 |      32 |       0 |   0.0
    Swamp:4 |   12263 |   19100 |  60.9 |      21 |      29 |  58.0
   Spider:1 |   19014 |   11724 |  38.1 |      58 |      17 |  22.7
   Spider:2 |   19270 |    5852 |  23.3 |      46 |       8 |  14.8
   Spider:3 |   13472 |    3960 |  22.7 |      27 |       8 |  22.9
   Spider:4 |   14922 |   16795 |  53.0 |      40 |      24 |  37.5
      Orc:1 |     804 |       0 |   0.0 |       9 |       0 |   0.0
      Orc:2 |       0 |   26645 | 100.0 |       0 |     157 | 100.0
      Elf:1 |   10595 |   10078 |  48.7 |      24 |      16 |  40.0
      Elf:2 |   25436 |    3272 |  11.4 |      39 |       4 |   9.3
      Elf:3 |   12185 |   33345 |  73.2 |      22 |      30 |  57.7
   Vaults:1 |   31088 |   21805 |  41.2 |      55 |      41 |  42.7
   Vaults:2 |   26962 |   23697 |  46.8 |      43 |      27 |  38.6
   Vaults:3 |   18794 |   18094 |  49.1 |      28 |      24 |  46.2
   Vaults:4 |   34018 |   12233 |  26.4 |      55 |      16 |  22.5
   Vaults:5 |   16936 |  102673 |  85.8 |      23 |      87 |  79.1
    Crypt:1 |   18004 |   30649 |  63.0 |      33 |      33 |  50.0
    Crypt:2 |   17839 |    5548 |  23.7 |      31 |       3 |   8.8
    Crypt:3 |     365 |   55891 |  99.4 |       1 |      92 |  98.9
   Depths:1 |   31441 |       0 |   0.0 |      36 |       0 |   0.0
   Depths:2 |   50152 |   24001 |  32.4 |      57 |      36 |  38.7
   Depths:3 |   50213 |    5465 |   9.8 |      54 |       5 |   8.5
   Depths:4 |   29447 |   20444 |  41.0 |      31 |      17 |  35.4
      Zot:1 |   33926 |    2463 |   6.8 |      26 |       2 |   7.1
      Zot:2 |   40307 |       0 |   0.0 |      33 |       0 |   0.0
      Zot:3 |   30523 |       0 |   0.0 |      25 |       0 |   0.0
      Zot:4 |   22814 |       0 |   0.0 |      18 |       0 |   0.0
      Zot:5 |   45989 |   98673 |  68.2 |      33 |      39 |  54.2
     Bailey |       0 |    2714 | 100.0 |       0 |      41 | 100.0
      IceCv |       0 |   14886 | 100.0 |       0 |      27 | 100.0
            +---------+---------+-------+---------+---------+-------

Skill      XL: |  1  2  3  4  5  6  7  8  9 10 11 12 13 14 15 16 17 18 19 20 21 22 23 24 25 26 27 |
---------------+----------------------------------------------------------------------------------+-----
Polearms       | 4 5 6 7 10 11 15 16 17 20 21 | 21.9
Dodging        | 5 6 12 16 17 18 19 20 22 | 22.1
Fighting       | 4 5 7 8 10 11 13 15 17 18 20 21 24 | 24.6
Armour         | 4 7 8 11 12 15 | 15.3
Evocations     | 4 5 9 14 | 14.2
Transmutations | 4 6 7 |  7.6
Spellcasting   | 4 5 7 9 10 | 10.0
Conjurations   | 10 12 13 | 13.2
Translocations | 6 8 9 |  9.8
Hexes          | 4 5 |  5.5
Stealth        | 3 |  3.7
Air Magic      | 3 7 |  7.5
Ice Magic      | 2 4 |  4.8
Shields        | 5 14 | 14.8

Action                     |  1- 3 |  4- 6 |  7- 9 | 10-12 | 13-15 | 16-18 | 19-21 | 22-24 | 25-27 || total
---------------------------+-------+-------+-------+-------+-------+-------+-------+-------+-------++-------
  Melee: Spear             |    86 |   182 |   473 |    39 |       |       |       |       |       ||   780
         Peck              |    10 |    27 |    70 |    70 |   257 |   186 |   312 |   327 |   264 ||  1523
         Kick              |    11 |    42 |   128 |   122 |   416 |   277 |   497 |   516 |   425 ||  2434
         Punch             |       |     2 |     6 |     1 |       |       |       |       |       ||     9
         Glaive            |       |       |       |   400 |  1254 |  1300 |  1881 |  1738 |   281 ||  6854
         Demon trident     |       |       |       |       |       |       |       |       |  1486 ||  1486
   Cast: Kiss of Death     |     1 |       |       |       |       |       |       |       |       ||     1
         Wereblood         |       |       |       |     9 |    39 |    14 |    39 |    26 |    19 ||   146
         Manifold Assault  |       |       |       |       |     7 |   350 |   412 |   254 |   204 ||  1227
         Irradiate         |       |       |       |       |     1 |     9 |    28 |    19 |    11 ||    68
         Teleport Other    |       |       |       |       |       |     3 |       |       |       ||     3
         Freezing Cloud    |       |       |       |       |       |       |    26 |    38 |    13 ||    77
         Yara's Violent Un |       |       |       |       |       |       |     7 |     6 |     2 ||    15
         Blink             |       |       |       |       |       |       |       |     2 |     5 ||     7
         Gell's Gravitas   |       |       |       |       |       |       |       |     1 |       ||     1
 Invoke: Curse Item        |       |       |     2 |     3 |     2 |     2 |     3 |     2 |     3 ||    17
         Shatter the Chain |       |       |       |     1 |       |     2 |     1 |     3 |     1 ||     8
  Evoke: Wand              |     1 |     5 |     1 |    11 |     6 |     4 |    12 |    13 |    18 ||    71
         Lightning rod     |       |       |       |       |       |       |    12 |     6 |       ||    18
         Phial of floods   |       |       |       |       |       |       |     1 |     2 |     1 ||     4
         Condenser vane    |       |       |       |       |       |       |       |       |     2 ||     2
         Box of beasts     |       |       |       |       |       |       |       |       |     1 ||     1
         Phantom mirror    |       |       |       |       |       |       |       |       |     1 ||     1
    Use: Scroll            |       |       |    12 |     3 |     1 |    12 |     2 |     7 |    19 ||    56
         Potion            |       |       |       |     3 |     1 |     4 |     1 |     2 |    36 ||    47
   Stab: Sleeping          |       |       |     8 |     3 |    31 |     7 |    17 |     6 |    22 ||    94
         Distracted        |       |       |     2 |     1 |     5 |     2 |     7 |     3 |    14 ||    34
         Invisible         |       |       |       |     2 |     5 |     1 |     9 |     4 |     3 ||    24
         Paralysed         |       |       |       |       |     3 |       |       |       |       ||     3
         Confused          |       |       |       |       |       |       |       |       |     1 ||     1
 Armour: Leather armour    |    19 |     6 |       |       |       |       |       |       |       ||    25
         Ring mail         |       |    48 |    91 |    93 |   247 |   265 |   358 |   439 |   368 ||  1909
  Dodge: Dodged            |    31 |   100 |   150 |   262 |  1060 |   784 |  1202 |  1019 |   663 ||  5271
  Block: Kite shield       |       |       |       |       |       |       |       |       |   429 ||   429

Illustrated notes

Table legend:
 A = Kills in this place as a percentage of kills in the entire game.
 B = Kills by you in this place as a percentage of kills by you in the entire game.
 C = Kills by friends in this place as a percentage of kills by friends in the entire game.
 D = Other kills in this place as a percentage of other kills in the entire game.
 E = Experience gained in this place as a percentage of experience gained in the entire game.
 F = Experience gained in this place divided by the number of levels of this place that you have seen.
                   A       B       C       D       E      F
               +-------+-------+-------+-------+-------+----------------------
         Total | 100.0 | 100.0 | 100.0 | 100.0 | 100.0 | 25630.5
       Dungeon |  16.8 |  17.3 |   0.0 |   2.7 |   5.0 | 4649.2
          Lair |   8.0 |   8.2 |   0.0 |   0.0 |   3.9 | 10678.8
         Swamp |   6.8 |   6.9 |   0.0 |   2.7 |   6.3 | 21939.0
   Spider Nest |   9.7 |  10.0 |   0.0 |   1.4 |   7.6 | 26252.2
  Orcish Mines |   7.1 |   7.3 |   0.0 |   0.0 |   2.0 | 13724.5
   Elven Halls |   5.7 |   5.9 |   0.0 |   1.4 |   6.9 | 31637.0
        Vaults |  17.0 |  17.5 |   0.0 |   1.4 |  22.1 | 61260.0
         Crypt |   8.2 |   7.4 |   0.0 |  33.8 |   9.3 | 42765.3
        Depths |  10.1 |  10.5 |   0.0 |   0.0 |  15.3 | 53109.5
           Zot |   7.7 |   6.0 | 100.0 |  56.8 |  20.3 | 56230.8
        Bailey |   1.7 |   1.8 |   0.0 |   0.0 |   0.2 | 2714.0
      Ice Cave |   1.1 |   1.2 |   0.0 |   0.0 |   1.1 | 14886.0
               +-------+-------+-------+-------+-------+----------------------

Table legend: (Time is in decaauts)
 A = Elapsed time spent in this place.
 B = Non-inter-level travel time spent in this place.
 C = Inter-level travel time spent in this place.
 D = Time resting spent in this place.
 E = Time spent auto-exploring this place.
 F = Levels seen in this place.
 G = Mean time per level.
                   A        B        C        D        E       F      G
               +--------+--------+--------+--------+--------+-----+--------+
         Total |  67902 |  61729 |   6173 |  10210 |  37288 |  54 | 1257.4 |
       Dungeon |  14243 |  11940 |   2303 |    978 |   8509 |  15 |  949.5 |
        Temple |     32 |     15 |     17 |      0 |      0 |   1 |   32.0 |
          Lair |   5186 |   4565 |    621 |    275 |   3209 |   5 | 1037.2 |
         Swamp |   6205 |   5796 |    409 |   1380 |   3316 |   4 | 1551.2 |
   Spider Nest |   7545 |   7214 |    331 |   1324 |   4622 |   4 | 1886.2 |
  Orcish Mines |   2537 |   2067 |    470 |    337 |   1061 |   2 | 1268.5 |
   Elven Halls |   4695 |   4460 |    235 |    852 |   2721 |   3 | 1565.0 |
        Vaults |  11850 |  11187 |    663 |   1683 |   7034 |   5 | 2370.0 |
         Crypt |   3116 |   2821 |    295 |    196 |   1888 |   3 | 1038.7 |
        Depths |   5804 |   5287 |    517 |    392 |   3647 |   4 | 1451.0 |
           Zot |   4346 |   4039 |    307 |   1502 |   1074 |   5 |  869.2 |
         Abyss |      9 |      9 |      0 |      0 |      0 |   1 |    9.0 |
        Bailey |    596 |    596 |      0 |    236 |     41 |   1 |  596.0 |
      Ice Cave |   1733 |   1733 |      0 |   1052 |    166 |   1 | 1733.0 |
               +--------+--------+--------+--------+--------+-----+--------+

Top non-repeatable levels by time:
Vaults:2: 3047 daAuts
Vaults:1: 2678 daAuts
Spider:1: 2618 daAuts
 Swamp:1: 2354 daAuts
   Orc:2: 2305 daAuts
Vaults:5: 2290 daAuts
Spider:4: 2265 daAuts
Vaults:4: 2175 daAuts
   Elf:3: 1923 daAuts
Depths:2: 1802 daAuts
   IceCv: 1733 daAuts
Vaults:3: 1659 daAuts
   Zot:5: 1649 daAuts
Depths:4: 1598 daAuts
    D:15: 1439 daAuts
